 Dungeon Crawl Stone Soup version 0.24-a0-434-gd57e52fea8 (webtiles) character file.

Game seed: 16588952084064753801

1497322 HAL9000 the Invulnerable (level 27, -1/161 HPs)
             Began as a Vine Stalker Assassin on June 12, 2019.
             Was the Champion of Dithmenos.
             Killed from afar by a starcursed mass (7 damage)
             ... with an accursed screaming
             ... summoned by a monstrous corrupter
             ... on level 12 of a ziggurat on June 16, 2019.
             The game lasted 11:18:23 (114686 turns).

HAL9000 the Invulnerable (Vine Stalker Assassin)  Turns: 114686, Time: 11:18:23

Health: -1/161     AC: 52    Str: 24    XL:     27
Magic:  0/29       EV: 25    Int: 25    God:    Dithmenos [******]
Gold:   14320      SH: 39    Dex: 28    Spells: 3/46 levels left

rFire    + + +     SeeInvis .   b - +9 eudemon blade (holy)
rCold    + + +     Gourm    .   e - +8 large shield of the Cockatrice {+Inv +Fly Int+4}
rNeg     + + +     Faith    .   A - +16 crystal plate armour of Elyvilon's Whim {rElec rC+ Int+3}
rPois    .         Spirit   +   g - +0 hat of Words of Power {rElec rF+ Int+9}
rElec    +         Reflect  +   t - scarf {cloud immunity}
rCorr    +         Harm     .   c - +1 pair of gloves of the Cooper {rF+ rN+ MR++ Str-5}
MR       +++++     Rnd*Rage +   Q - +4 pair of boots of Casismac {MR+ rCorr MP-9 Slay+3} Stlth ..........Rnd*Tele +
                                N - amulet "Uviatog" {Reflect rN+ Str+6 SH+3 Stlth-}
HPRegen  2.16/turn              B - ring of the Barnacle {Str+7 Dex+7 Slay+2 Stlth-}
MPRegen  0.21/turn              Y - ring of Vipuproy {rF+ rC+++ rN+ MR+ Int-2}

@: berserk cooldown, regenerating, slowed, wreathed by umbra, very slow
A: fangs 3, rugged brown scales 1, thin skeletal structure 1, yellow scales 1,
berserk 2, blink, blurry vision 1, deformed body, deterioration 2, dopey 2,
frail 1, regeneration 2, teleportitis 3, weak 2, magic shield, antimagic bite,
no potion heal 3, rot immunity, subdued magic 2
}: 15/15 runes: barnacled, slimy, silver, golden, iron, obsidian, icy, bone,
abyssal, demonic, glowing, magical, fiery, dark, gossamer
a: Blink, Shadow Step, Shadow Form, Renounce Religion, Evoke Invisibility, Evoke
Flight


You were on level 12 of a ziggurat.
You worshipped Dithmenos.
Dithmenos was exalted by your worship.
You were not hungry.

You visited 17 branches of the dungeon, and saw 89 of its levels.
You visited Pandemonium 2 times, and saw 58 of its levels.
You visited the Abyss 4 times.
You visited 1 bazaar.
You visited 1 ziggurat, and saw 12 of its levels.
You also visited: Ossuary, Bailey and Ice Cave.

You collected 18788 gold pieces.
You spent 4468 gold pieces at shops.

Inventory:

Hand Weapons
 a - the +8 autumn katana {slice, Clar}
   (You found it on level 2 of the Depths)

   It inflicts extra damage upon your enemies.
   It protects you against confusion.
 b - a +9 eudemon blade of holy wrath (weapon)
 j - a +9 vampiric quick blade
Missiles
 l - 16 curare-tipped darts
 n - 13 throwing nets
 F - 44 silver javelins (quivered)
 S - 168 boomerangs
Armour
 c - the +1 pair of gloves of the Cooper (worn) {rF+ rN+ MR++ Str-5}
   (You bought it in a shop on level 2 of the Orcish Mines)

   It affects your strength (-5).
   It protects you from fire.
   It protects you from negative energy.
   It affects your resistance to hostile enchantments.
 e - the +8 large shield of the Cockatrice (worn) {+Inv +Fly Int+4}
   (You took it off a daeva on level 3 of the Depths)

   It affects your intelligence (+4).
   It lets you turn invisible.
   It lets you fly.
 g - the +0 hat of Words of Power (worn) {rElec rF+ Int+9}
   (You found it on level 4 of the Vaults)

   It affects your intelligence (+9).
   It protects you from fire.
   It insulates you from electricity.
 t - a scarf of cloud immunity (worn)
 A - the +16 crystal plate armour of Elyvilon's Whim (worn) {rElec rC+ Int+3}
   (You acquired it in a bailey)

   It affects your intelligence (+3).
   It protects you from cold.
   It insulates you from electricity.
 Q - the +4 pair of boots of Casismac (worn) {MR+ rCorr MP-9 Slay+3}
   (You found it on level 1 of the Lair of Beasts)

   It affects your accuracy and damage with ranged weapons and melee attacks
   (+3).
   It affects your resistance to hostile enchantments.
   It affects your magic capacity (-9).
   It provides partial protection from all sources of acid and corrosion.
Jewellery
 B - the ring of the Barnacle (left hand) {Str+7 Dex+7 Slay+2 Stlth-}
   (You found it on level 7 of Gehenna)

   [ring of slaying]

   It affects your strength (+7).
   It affects your dexterity (+7).
   It affects your accuracy and damage with ranged weapons and melee attacks
   (+2).
   It makes you less stealthy.
 D - the ring of Dianieduc {rPois EV+3 Str+5 Int-5 SInv}
   (You found it in Pandemonium)

   [ring of evasion]

   It affects your evasion (+3).
   It affects your strength (+5).
   It affects your intelligence (-5).
   It protects you from poison.
   It lets you see invisible.
 N - the amulet "Uviatog" (around neck) {Reflect rN+ Str+6 SH+3 Stlth-}
   (You bought it in a shop on level 2 of the Vaults)

   [amulet of reflection]

   It shields you and reflects attacks.
   It affects your strength (+6).
   It protects you from negative energy.
   It affects your SH (+3).
   It makes you less stealthy.
 Y - the ring of Vipuproy (right hand) {rF+ rC+++ rN+ MR+ Int-2}
   (You found it on level 3 of the Crypt)

   [ring of positive energy]

   It affects your intelligence (-2).
   It protects you from fire.
   It renders you almost immune to cold.
   It protects you from negative energy.
   It affects your resistance to hostile enchantments.
Wands
 h - a wand of clouds (9)
 y - a wand of paralysis (12)
 K - a wand of disintegration (63)
 O - a wand of scattershot (15)
 U - a wand of acid (73)
 Z - a wand of digging (13)
Scrolls
 m - 2 scrolls of magic mapping
 o - 3 scrolls of identify
 r - 17 scrolls of fog
 x - 9 scrolls of teleportation
 H - a scroll of enchant weapon
 I - 4 scrolls of summoning
 J - 16 scrolls of fear
 T - 3 scrolls of holy word
 V - 19 scrolls of blinking
 W - 8 scrolls of remove curse
 X - 4 scrolls of silence
Potions
 d - 31 potions of curing
 i - 9 potions of ambrosia
 k - 13 potions of flight
 q - 14 potions of brilliance
 s - 2 potions of berserk rage
 u - 4 potions of cancellation
 w - 2 potions of might
 z - 5 potions of resistance
 G - 4 potions of magic
 L - 13 potions of agility
 M - 13 potions of haste
 R - 6 potions of invisibility
Miscellaneous
 p - the horn of Geryon
 v - a figurine of a ziggurat
 C - a lamp of fire
 E - 11 phantom mirrors
 P - a phial of floods
Comestibles
 f - 76 rations


   Skills:
 O Level 27 Fighting
 - Level 14.1(19.6) Short Blades
 + Level 22.0(23.2) Long Blades
   Level 7.2 Bows
 - Level 9.7 Throwing
 O Level 27 Armour
 - Level 25.5 Dodging
 - Level 20.2 Stealth
 O Level 27 Shields
 - Level 10.2 Spellcasting
 - Level 11.0 Hexes
 - Level 12.3 Charms
 - Level 16.2 Necromancy
 - Level 6.1 Translocations
 - Level 6.1 Air Magic
 - Level 12.0 Invocations
 - Level 17.3 Evocations


You had 3 spell levels left.
You knew the following spells:

 Your Spells              Type           Power        Failure   Level  Hunger
a - Confuse               Hex            #####...     1%          3    None
b - Metabolic Englaciati  Hex/Ice        ####......   63%         5    ####...
c - Yara's Violent Unrav  Hex/Tmut       ####......   63%         5    ####...
d - Confusing Touch       Hex            #####.       1%          1    None
e - Swiftness             Chrm/Air       #####...     1%          2    None
f - Regeneration          Chrm/Necr      ######....   1%          3    None
g - Spectral Weapon       Hex/Chrm       #####...     1%          3    None
h - Shroud of Golubria    Chrm/Tloc      #####.       1%          2    None
i - Song of Slaying       Chrm           #####...     1%          2    None
j - Cause Fear            Hex            #####.....   1%          4    None
k - Dispel Undead         Necr           ######..     1%          5    ####...
l - Agony                 Necr           ######..     1%          5    ####...
m - Apportation           Tloc           ####..       1%          1    None
n - Blink                 Tloc           N/A          2%          2    None

Your spell library contained the following spells:

 Spells                   Type           Power        Failure   Level  Hunger
 Animate Skeleton         Necr           N/A          0%          1    None
 Pain                     Necr           ####         0%          1    None
 Corpse Rot               Necr           N/A          0%          2    None
 Sublimation of Blood     Necr           ######....   0%          2    None
 Corona                   Hex            #####..      1%          1    None
 Infusion                 Chrm           ####         1%          1    None
 Slow                     Hex            #####...     1%          2    None
 Portal Projectile        Hex/Tloc       ####..       1%          3    None
 Tukima's Dance           Hex            #####...     1%          3    None
 Vampiric Draining        Necr           ######....   1%          3    None
 Ensorcelled Hibernation  Hex/Ice        ####..       3%          2    None
 Gell's Gravitas          Tloc           ####......   5%          3    None
 Lesser Beckoning         Tloc           ####......   5%          3    None
 Ozocubu's Armour         Chrm/Ice       ####....     5%          3    None
 Teleport Other           Tloc           ####....     5%          3    None
 Shock                    Conj/Air       ###.         7%          1    None
 Dazzling Spray           Conj/Hex       ####..       7%          3    None
 Inner Flame              Hex/Fire       ####....     7%          3    None
 Summon Guardian Golem    Hex/Summ       ####....     7%          3    None
 Poisonous Vapours        Pois/Air       ###...       11%         2    None
 Recall                   Summ/Tloc      N/A          22%         3    None
 Static Discharge         Conj/Air       ###.....     22%         3    None
 Flame Tongue             Conj/Fire      #....        28%         1    None
 Freeze                   Ice            #...         28%         1    None
 Magic Dart               Conj           #...         28%         1    None
 Sandblast                Erth           #.....       28%         1    None
 Sting                    Conj/Pois      #...         28%         1    None
 Summon Butterflies       Summ           #.......     28%         1    None
 Summon Small Mammal      Summ           #...         28%         1    None
 Mephitic Cloud           Conj/Pois/Air  ##......     34%         3    None
 Call Imp                 Summ           #.......     41%         2    None
 Passwall                 Tmut/Erth      #.......     41%         2    None
 Searing Ray              Conj           #.....       41%         2    None
 Sticks to Snakes         Tmut           #.......     41%         2    None
 Throw Flame              Conj/Fire      #.....       41%         2    None
 Throw Frost              Conj/Ice       #.....       41%         2    None
 Call Canine Familiar     Summ           #.......     65%         3    None
 Conjure Flame            Conj/Fire      #.......     65%         3    None
 Ignite Poison            Fire/Tmut/Pois #.......     65%         3    None
 Spider Form              Tmut/Pois      #.........   65%         3    None
 Stone Arrow              Conj/Erth      #.....       65%         3    None
 Animate Dead             Necr           N/A          1%          4    None
 Excruciating Wounds      Chrm/Necr      ######....   1%          5    ####...
 Death Channel            Necr           ######....   4%          6    #####..
 Airstrike                Air            ####......   21%         4    None
 Passage of Golubria      Tloc           N/A          21%         4    None
 Silence                  Hex/Air        ####......   21%         5    ####...
 Fulminant Prism          Conj/Hex       ####......   28%         4    None
 Leda's Liquefaction      Hex/Erth       ####......   28%         4    None
 Bolt of Draining         Conj/Necr      ####......   28%         5    ####...
 Borgnjor's Vile Clutch   Necr/Erth      ####......   28%         5    ####...
 Darkness                 Hex            #####.....   43%         6    #####..
 Invisibility             Hex            #####...     43%         6    #####..
 Iskenderun's Battlesphe  Conj/Chrm      ####....     54%         5    ####...
 Force Lance              Conj/Tloc      ###.....     63%         4    None
 Summon Lightning Spire   Summ/Air       ###.....     63%         4    None
 Summon Mana Viper        Hex/Summ       ####....     63%         5    ####...
 Deflect Missiles         Chrm/Air       #####.....   69%         6    #####..
 Simulacrum               Ice/Necr       ####......   86%         6    #####..
 Lightning Bolt           Conj/Air       ###.......   93%         5    ####...
 Summon Forest            Summ/Tloc      ###.......   93%         5    ####...
 Borgnjor's Revivificati  Necr           ######....   95%         8    #######
 Infestation              Necr           ######....   95%         8    #######
 Ice Form                 Ice/Tmut       #.......     97%         4    None
 Iskenderun's Mystic Bla  Conj           #.......     97%         4    None
 Olgreb's Toxic Radiance  Pois           #.......     97%         4    None
 Petrify                  Tmut/Erth      #.......     97%         4    None
 Sticky Flame             Conj/Fire      #.......     97%         4    None
 Summon Ice Beast         Ice/Summ       #.......     97%         4    None
 Throw Icicle             Conj/Ice       #.......     97%         4    None
 Dispersal                Tloc           ####......   98%         6    #####..
 Death's Door             Chrm/Necr      ######....   99%         8    #######
 Alistair's Intoxication  Tmut/Pois      #.......     100%        5    ####...
 Aura of Abjuration       Summ           #.........   100%        5    ####...
 Blade Hands              Tmut           #.........   100%        5    ####...
 Bolt of Magma            Conj/Fire/Erth #.........   100%        5    ####...
 Fireball                 Conj/Fire      #.........   100%        5    ####...
 Irradiate                Conj/Tmut      #.........   100%        5    ####...
 Lee's Rapid Deconstruct  Erth           #.........   100%        5    ####...
 Summon Demon             Summ           #.........   100%        5    ####...
 Venom Bolt               Conj/Pois      #.........   100%        5    ####...
 Bolt of Cold             Conj/Ice       #.........   100%        6    #####..
 Bolt of Fire             Conj/Fire      #.........   100%        6    #####..
 Freezing Cloud           Conj/Ice/Air   ##........   100%        6    #####..
 Hydra Form               Tmut           #.........   100%        6    #####..
 Iron Shot                Conj/Erth      #.........   100%        6    #####..
 Ozocubu's Refrigeration  Ice            #.........   100%        6    #####..
 Poison Arrow             Conj/Pois      #.........   100%        6    #####..
 Shadow Creatures         Summ           N/A          100%        6    #####..
 Statue Form              Tmut/Erth      #........    100%        6    #####..
 Dragon Form              Tmut           #.........   100%        7    #######
 Haunt                    Necr/Summ      ####......   100%        7    #######
 Malign Gateway           Summ/Tloc      ###.......   100%        7    #######
 Monstrous Menagerie      Summ           #.........   100%        7    #######
 Orb of Destruction       Conj           #.........   100%        7    #######
 Ring of Flames           Chrm/Fire      ####......   100%        7    #######
 Spellforged Servitor     Conj/Summ      #.........   100%        7    #######
 Summon Greater Demon     Summ           #.........   100%        7    #######
 Summon Hydra             Summ           #.........   100%        7    #######
 Chain Lightning          Conj/Air       ###.......   100%        8    #######
 Discord                  Hex            #####.....   100%        8    #######
 Ignition                 Fire           #.........   100%        8    #######
 Lehudib's Crystal Spear  Conj/Erth      #.........   100%        8    #######
 Necromutation            Tmut/Necr      ####......   100%        8    #######
 Summon Horrible Things   Summ           #.........   100%        8    #######
 Dragon's Call            Summ           #.........   100%        9    #######
 Fire Storm               Conj/Fire      #.........   100%        9    #######
 Glaciate                 Conj/Ice       #.........   100%        9    #######
 Shatter                  Erth           #.........   100%        9    #######
 Tornado                  Air            ####......   100%        9    #######


Dungeon Overview and Level Annotations

Branches:
Dungeon (15/15)            Temple (0/1) D:5            Lair (6/6) D:8
 Shoals (4/4) Lair:3       Spider (4/4) Lair:2        Slime (5/5) Lair:6
    Orc (2/2) D:11            Elf (3/3) Orc:2        Vaults (5/5) D:14
  Crypt (3/3) Vaults:3       Tomb (3/3) Crypt:3      Depths (5/5) D:15
   Hell (1/1)                 Dis (7/7) Hell            Geh (7/7) Hell
    Coc (7/7) Hell            Tar (7/7) Hell            Zot (5/5) Depths:5

Altars:
Ashenzari
Cheibriados
Dithmenos
Elyvilon
Hepliaklqana
Kikubaaqudgha
Makhleb
Nemelex Xobeh
Qazlal
Ru
Sif Muna
Trog
Uskayaw
Vehumet
Xom
Yredelemnul
Zin
The Shining One
Beogh
Jiyva

Shops:
D:5 :=*%[   D:6 *   D:8 }   D:13 ?[%[*   Orc:2 ([*=!   Shoals:1 [   Vaults:1 [
Vaults:2 =   Vaults:3 %:   Vaults:4 =   Depths:1 %

Portals:
Hell: Depths:1 Depths:2 Depths:3 Depths:4 Depths:5
Abyss: Depths:4
Pandemonium: Depths:3

Annotations:
D:12 exclusion: ice statue


Innate Abilities, Weirdness & Mutations

You have razor-sharp teeth.
You heal very quickly.
When hurt, damage is shared between your health and your magic reserves.
Your bite disrupts and absorbs the magic of your enemies.
Potions cannot restore your health.
You are immune to rotting.
You are partially covered in rugged brown scales. (AC +1, +3% HP)
You have a somewhat thin skeletal structure. (Dex +2, Stealth)
You are partially covered in yellow scales. (AC +2)
You often lose your temper in combat.
You can translocate small distances at will.
Scrolls take you a little longer to read.
Armour fits poorly on your strangely shaped body.
Your body often deteriorates upon taking damage.
You are very dopey. (Int -4)
You are frail. (-10% HP)
You are often teleported next to monsters.
You are very weak. (Str -4)
Your spells are easier to cast, but less powerful.


Message History

The smoke demon hits you but does no damage.
The smoke demon completely misses you. The smoke demon barely misses you.
The starcursed mass engulfs you but does no damage. x2
The starcursed mass engulfs you!
* * * LOW HITPOINT WARNING * * *
The gelid demonspawn completely misses you.
The starcursed mass engulfs you but does no damage. x2
You can move again.
Unknown command.
Unknown command.
Unknown command.
Okay, then.
You fail to use your ability.
The starcursed mass disappears in a puff of smoke! x2
You block the orange demon's attack.
The shadow demon gestures.
You block the smoke demon's attack. x2; The smoke demon completely misses you.
A starcursed mass splits.
A cacophony of accursed wailing tears at your sanity!
You die...

▓.....................▓
▓|=|......§§§§........▓
▓$)[......#§§§........▓
▓∩!()..4§§#§##§.......▓
▓>=[41.2.§§.§§.......∩▓
▓∩=[!1263##.#.........▓
▓$?[242232§°#§§.......▓
▓...22XX36...§........▓
▓...46X@§§○○..........▓
▓▓▓▓▓▓▓XXX°.....▓▓▓▓▓▓▓
▓X§X......▓ ▓§§.......▓
▓▓▓▓▓▓▓▓▓▓▓


You could see 8 starcursed masses, a Tzitzimitl, a Brimstone Fiend, a cacodemon,
a reaper, 2 demonspawn, 3 blizzard demons, a soul eater, a shadow demon, a gelid
demonspawn, 2 orange demons, a hellwing, an ice devil, a smoke demon, 2
tormentors and a ynoxinul.

Vanquished Creatures
  Cerebov (Pan)
  Antaeus (Coc:7)
  Asmodeus (Geh:7)
  the Royal Jelly (Slime:5)
  Ignacio (Pan)
  Ereshkigal (Tar:7)
  Gloorx Vloq (Pan)
  the Serpent of Hell (Dis:7)
  Mnoleg (Pan)
  Lom Lobon (Pan)
  7 ancient liches
  Dispater (Dis:7)
  Khufu (Crypt:3)
  Mennas (Depths:3)
  Mara (Crypt:3)
  2 juggernauts
  Sojobo (Depths:5)
  Boris (4 times) (Vaults:2 Vaults:4 Depths:3 Tomb:1)
  31 greater mummies
  3 Killer Klowns
  Bai Suzhen (Spider:3)
  8 shard shrikes (Coc:7)
  A curse toe (Zot:5)
  Geryon (Hell)
  Saint Roka (Vaults:4)
  Jory (Depths:3)
  8 golden dragons
  Nikola (Spider:3)
  2 profane servitors
  19 bone dragons
  the Enchantress (Depths:2)
  28 pandemonium lords
  Arachne (Spider:4)
  45 Tzitzimimeh
  4 iron giants
  9 doom hounds
  30 Brimstone Fiends
  4 hellephants
  Jorgrun (Spider:2)
  17 Hell Sentinels
  10 tentacled monstrosities
  23 Ice Fiends
  5 Orb Guardians (Zot:5)
  3 deep elf blademasters
  Rupert (D:14)
  3 titans
  19 liches
  8 quicksilver dragons
  15 acid blobs
  30 tentacled starspawn
  The ghost of MachJacob the Messiah, an adept HONe of Beogh (Spider:4)
  18 ancient champions
  2 deep elf master archers (Elf:3)
  5 death cobs
  39 Executioners
  A kraken (Shoals:2)
  3 eldritch tentacles
  14 sphinxes
  A thorn hunter (Abyss:3)
  Agnes (D:14)
  7 storm dragons
  Roxanne (Shoals:4)
  Kirke (Shoals:1)
  11 shadow dragons
  18 azure jellies
  7 daevas
  Donald (Vaults:1)
  6 draconian monks
  Ilsuiw (Shoals:3)
  13 tengu reavers
  21 fire giants
  10 frost giants
  7 revenants
  A fire giant (shapeshifter) (Zig:7)
  10 deep elf sorcerers
  4 draconian knights
  8 ghost moths
  23 corrupters (Pan)
  59 balrugs
  4 draconian scorchers
  2 orc warlords
  15 vault wardens
  Louise (Shoals:4)
  10 iron dragons
  3 curse skulls
  4 deep elf elementalists
  13 ghouls
  25 warmongers
  2 draconian shifters
  37 cacodemons
  4 emperor scorpions
  5 draconian annihilators
  6 spriggan defenders
  96 reapers
  30 very ugly things
  19 ironheart preservers
  6 caustic shrike skeletons (Depths:2)
  5 draconian stormcallers
  3 angels (Depths:3)
  6 entropy weavers
  3 elemental wellsprings (Coc:7)
  20 blood saints
  The ghost of firegrace the Severer, a journeyman MiBe of Trog (D:14)
  18 bennus
  22 stone giants
  34 war gargoyles
  9 deep elf demonologists
  9 vampire knights
  Nessos (D:14)
  8 green draconians
  32 black suns
  7 purple draconians
  A dire elephant (Lair:6)
  21 lorocyprocas
  6 black draconians
  11 spark wasps
  18 deep elf annihilators
  A red draconian (Zot:4)
  5 white draconians
  9 yellow draconians
  12 ettins
  6 eidola
  24 green deaths
  9 deep elf death magi
  5 merfolk javelineers
  3 jiangshi (Crypt:1)
  6 quicksilver dragon zombies
  9 merfolk impalers
  27 mummy priests
  7 crystal guardians
  48 blizzard demons
  11 death oozes
  14 fire dragons
  3 kraken zombies
  Harold (Lair:1)
  15 yaktaur captains
  Erolcha (D:9)
  17 great orbs of eyes
  3 deep elf high priests
  29 monstrous demonspawn (Pan)
  37 vault guards
  15 rakshasas
  6 hell beasts
  8 hydras
  3 quicksilver dragon skeletons
  4 alligator snapping turtles
  The ghost of anet the Thaumaturge, a journeyman DEWz of Ashenzari (Lair:3)
  29 ice dragons
  7 spriggan air magi
  An alligator snapping turtle (shapeshifter) (Zig:7)
  6 death knights
  4 merfolk avatars
  3 centaur warriors
  8 vampire magi
  A satyr (shapeshifter) (Vaults:5)
  3 merfolk aquamancers
  56 two-headed ogres
  2 satyrs (Shoals:3)
  34 dancing weapons
  72 death scarabs
  A queen ant (Lair:3)
  40 hell hogs
  15 ogre magi
  5 deep troll earth magi
  5 tengu warriors
  12 death yaks (Depths:2)
  2 deep troll shamans
  4 orc high priests (Orc:2)
  47 thrashing horrors
  7 storm dragon zombies
  24 deep elf knights
  70 hell knights
  8 spriggan berserkers
  8 titan skeletons
  118 sun demons
  24 iron golems
  8 titan zombies
  Nergalle (Lair:4)
  95 soul eaters
  10 shadow wraiths
  20 iron trolls
  30 wretched stars
  62 sixfirhies
  A salamander mystic (Depths:4)
  4 ghost moth zombies
  2 spark wasp zombies
  A spectral spark wasp (Spider:4)
  A swamp dragon (Abyss:3)
  6 cherubim (Depths:3)
  14 spatial maelstroms
  9 glowing orange brains
  180 skeletal warriors
  8 sea snakes
  2 death drakes
  8 storm dragon skeletons
  22 gelid demonspawn (Pan)
  5 wizards
  11 golden dragon zombies
  34 shadow demons
  7 spriggan druids (Depths:2)
  39 infernal demonspawn (Pan)
  10 anaconda zombies
  2 unseen horrors
  5 anaconda skeletons
  19 torturous demonspawn (Pan)
  25 deep trolls
  4 orange crystal statues
  26 flayed ghosts
  15 deep elf archers
  13 ironbrand convokers
  10 shadow dragon zombies
  7 golden dragon skeletons
  2 mana vipers (shapeshifter)
  32 orc knights
  7 wolf spider zombies
  17 phantasmal warriors
  29 harpies
  31 ugly things
  16 frost giant zombies
  12 orc sorcerers
  63 deep elf magi
  32 necromancers
  28 orb spiders
  32 wolf spiders
  9 stone giant zombies
  An orb spider (shapeshifter) (Vaults:3)
  4 shadow dragon skeletons
  7 oklob plants
  A manticore (shapeshifter) (Elf:2)
  A shining eye (Slime:5)
  2 salamanders (shapeshifter)
  7 iron dragon zombies
  16 fauns
  4 salamanders
  A cyclops (shapeshifter) (Vaults:5)
  4 cyclopes
  21 manticores
  10 elephants
  9 fire giant zombies
  4 guardian serpents
  3 iron dragon skeletons
  An elephant (shapeshifter) (D:14)
  14 moths of wrath
  A moth of wrath (shapeshifter) (Vaults:5)
  7 fire giant skeletons
  10 worldbinders
  An eye of devastation (shapeshifter) (Vaults:1)
  An ice statue (Coc:7)
  11 stone giant skeletons
  3 shock serpent zombies
  6 black mambas
  11 merfolk sirens
  2 naga magi
  A torpor snail (Spider:1)
  8 apocalypse crabs
  11 water nymphs
  58 rust devils
  6 frost giant skeletons
  20 vault sentinels
  57 orange demons
  Joseph (D:9)
  An eye of devastation (Slime:5)
  9 dire elephant zombies
  15 spiny frogs
  2 gargoyles
  120 smoke demons
  6 molten gargoyles
  70 tormentors
  47 freezing wraiths
  9 komodo dragons
  7 dire elephant skeletons
  5 spriggan zombies
  A yaktaur zombie (Hell)
  57 hellions
  3 spectral redbacks (Spider:4)
  A yaktaur (shapeshifter) (Depths:5)
  31 efreet
  4 kobold demonologists
  5 rime drakes
  142 large abominations
  4 shock serpent skeletons
  A komodo dragon (shapeshifter) (Depths:4)
  A catoblepas zombie (Dis:2)
  36 hellwings
  43 yaktaurs
  33 demonic crawlers
  55 ice devils
  3 catoblepas skeletons
  4 tengu conjurers
  A golden dragon simulacrum (Abyss:4)
  43 guardian mummies
  78 red devils
  An entropy weaver simulacrum (Spider:4)
  57 jumping spiders
  21 ancient zymes
  A meliai (Abyss:4)
  8 wind drakes
  2 harpy zombies
  36 merfolk
  A spectral moth of wrath (Spider:4)
  2 wind drakes (shapeshifter)
  A jumping spider (shapeshifter) (Depths:2)
  26 hydra zombies
  2 queen bees (shapeshifter)
  8 trolls
  A tyrant leech (Abyss:4)
  5 polar bears
  7 silent spectres
  46 raiju
  A dream sheep (shapeshifter) (Vaults:5)
  7 bog bodies
  29 hornets
  6 harpy skeletons
  A meliai zombie (D:15)
  53 slime creatures
  8 hydra skeletons
  2 wolf spider simulacra
  3 dream sheep (Shoals:4)
  15 blink frogs
  9 alligator zombies
  An iron dragon simulacrum (Coc:7)
  2 fire giant simulacra
  8 hippogriffs
  14 ettin zombies
  7 fire dragon zombies
  A tarantella zombie (Crypt:2)
  7 ice dragon zombies
  139 flying skulls
  14 snapping turtles
  5 ettin skeletons
  9 ice dragon skeletons
  42 spriggans
  5 air elementals
  11 fire dragon skeletons
  59 shadows
  A dire elephant simulacrum (Crypt:2)
  2 frost giant simulacra
  A spriggan skeleton (Depths:1)
  3 alligator skeletons
  A black mamba zombie (Tar:6)
  17 water elementals
  2 tarantellas (shapeshifter)
  12 ushabtiu
  A vampire (Dis:6)
  47 tarantellas
  85 ynoxinuls
  134 redbacks
  39 yaks
  7 fire bats
  A spriggan (shapeshifter) (Abyss:2)
  8 wyverns
  43 wraiths
  Grum (D:5)
  40 fire elementals
  7 hogs
  16 humans (D:14)
  2 black mamba skeletons
  16 golden eyes
  A golden eye (shapeshifter) (D:15)
  3 basilisks
  6 hungry ghosts
  A steam dragon (Shoals:1)
  7 spatial vortices
  50 neqoxecs
  9 vampire mosquitoes
  48 chaos spawn
  A deep troll zombie (Vaults:2)
  Edmund (D:6)
  An acid dragon (shapeshifter) (Vaults:2)
  A naga (Zig:1)
  A soldier ant (shapeshifter) (Depths:4)
  A swamp worm (shapeshifter) (Elf:1)
  4 wargs
  10 insubstantial wisps
  13 spiny frog zombies
  3 merfolk zombies
  A hydra simulacrum (Tomb:1)
  A gelid demonspawn skeleton (Coc:2)
  19 soldier ants
  An infernal demonspawn skeleton (Crypt:2)
  A merfolk skeleton (Geh:5)
  16 water moccasins
  A jumping spider simulacrum (Spider:4)
  9 porcupines
  85 orc warriors
  5 acid dragons
  2 ettin simulacra
  69 hell hounds
  5 sky beasts
  A water nymph skeleton (Crypt:2)
  15 ice beasts
  9 eyes of draining
  28 ogres
  7 phantoms
  A blink frog zombie (Crypt:2)
  4 spiny frog skeletons
  17 centaurs
  A fire dragon simulacrum (Tomb:1)
  2 swamp dragon zombies
  A black bear (shapeshifter) (Depths:4)
  6 snapping turtle zombies
  10 wolves
  12 boggarts
  34 necrophages
  2 manticore zombies (Tar:7)
  An alligator simulacrum (Hell)
  12 snapping turtle skeletons
  2 swamp dragon skeletons
  A manticore skeleton (Dis:6)
  8 crocodiles
  30 small abominations
  8 big kobolds
  6 elf zombies
  2 gnoll sergeants (D:5)
  12 bullfrogs
  5 elf skeletons
  7 earth elementals
  A glowing shapeshifter simulacrum (Vaults:2)
  5 human skeletons
  A spiny frog simulacrum (Coc:5)
  2 wyvern skeletons
  3 scorpions
  A troll zombie (Geh:2)
  10 killer bees
  A troll skeleton (Tar:5)
  7 electric eels
  85 wights
  5 howler monkeys
  10 crimson imps
  4 centaur zombies
  2 lava snakes (D:11)
  142 starcursed masses
  17 hounds
  6 quasits
  8 jellies
  2 bullfrog zombies
  9 human zombies
  42 orc wizards
  A basilisk zombie (Crypt:1)
  40 orc priests
  2 gnoll shamans (D:5)
  2 iguanas
  3 centaur skeletons
  48 iron imps
  Jessica (D:3)
  An iguana (shapeshifter) (D:14)
  6 hell rats (Hell)
  32 worker ants
  A killer bee zombie (Crypt:2)
  2 big kobold zombies
  A tengu zombie (Geh:6)
  2 hound zombies
  65 mummies
  2 worker ant zombies
  A howler monkey skeleton (D:4)
  18 adders
  23 gnolls
  17 shadow imps
  11 white imps
  5 ufetubi
  6 oozes
  2 adder zombies (Ossuary)
  3 adder skeletons
  2 worms
  3 dart slugs
  5 leopard geckos
  A leopard gecko (shapeshifter) (Vaults:5)
  153 orcs
  2 ball pythons
  5 giant cockroaches
  18 goblins
  13 hobgoblins
  9 jackals
  25 kobolds
  6 quokkas
  9 bats
  A frilled lizard (D:2)
  2 goblin zombies (Ossuary)
  6 hobgoblin zombies (Ossuary)
  5 jackal zombies (Ossuary)
  A kobold skeleton (Coc:4)
  5 kobold zombies
  A leopard gecko skeleton (D:4)
  2 leopard gecko zombies (D:5)
  An orc skeleton (Crypt:3)
  3 orc zombies
  3 quokka zombies (Ossuary)
  6 rats
  2 rat zombies (Ossuary)
  A river rat skeleton (Crypt:1)
  2 crawling corpses (Vaults:3)
  7 fire vortices
  31 starspawn tentacles
  13 tentacles
7106 creatures vanquished.

Vanquished Creatures (collateral kills)
  A Killer Klown (Zig:7)
  A cacodemon (Pan)
  A war gargoyle (Hell)
  A blizzard demon (Dis:6)
  A quicksilver dragon skeleton (Zig:11)
  2 skeletal warriors (Dis:6)
  An anaconda zombie (Geh:7)
  A tengu zombie (Zig:11)
  3 orange demons (Pan)
  A tormentor (Pan)
  A freezing wraith (Dis:6)
  An ettin zombie (Dis:7)
  3 chaos spawn
  A neqoxec (Pan)
  An iron imp (Dis:7)
  A mummy (Zig:11)
  A fire vortex (Pan)
22 creatures vanquished.

Vanquished Creatures (others)
  An ancient lich (Tar:7)
  2 pandemonium lords (Pan)
  A storm dragon (Vaults:5)
  2 blood saints (Pan)
  A corrupter (Pan)
  A reaper (Pan)
  A lorocyproca (Pan)
  A yellow draconian (Zot:1)
  2 mummy priests (Tomb:1)
  A rakshasa (Pan)
  A hell beast (Zig:12)
  A centaur warrior (Depths:2)
  A satyr (Abyss:3)
  5 hell hogs
  A two-headed ogre (Vaults:5)
  A deep troll shaman (Depths:4)
  2 sun demons (Pan)
  2 soul eaters
  A shadow wraith (Vaults:5)
  A skeletal warrior (Tomb:3)
  A sea snake (Shoals:4)
  A glowing orange brain (Pan)
  2 deep elf archers
  A rust devil (Pan)
  3 smoke demons
  A water nymph (Shoals:3)
  3 hellwings
  A tormentor (Pan)
  3 yaktaurs
  An ancient zyme (Abyss:4)
  2 guardian mummies (Tomb:1)
  A merfolk (Shoals:3)
  A raiju (Abyss:4)
  2 flying skulls
  A shadow (Tar:7)
  A redback (Spider:3)
  A wraith (Geh:6)
  A wyvern (Zig:4)
  4 ynoxinuls (Pan)
  3 neqoxecs
  2 chaos spawn (Pan)
  A golden eye (Abyss:4)
  An insubstantial wisp (Abyss:4)
  2 large abominations
  4 ogres
  A boggart (Depths:2)
  4 small abominations
  A wight (Dis:2)
  An iron imp (Dis:6)
  An ufetubus (D:12)
  9 ball lightnings
  4 orcs
  A block of ice (Pan)
  A bush (Abyss:1)
  A demonic plant (Pan)
  A fire vortex (Pan)
  10 fungi
  8 lurking horrors
  29 plants
  6 spectral weapons
  56 starspawn tentacles
  8 tentacles
  8 toadstools (D:5)
223 creatures vanquished.

Grand Total: 7351 creatures vanquished

Notes
Turn   | Place    | Note
-------+----------+-------------------------------------------
     0 | D:1      | HAL9000 the Vine Stalker Assassin began the quest for the
                  | Orb.
     0 | D:1      | Reached XP level 1. HP: 11/11 MP: 2/2
   153 | D:1      | Reached XP level 2. HP: 13/15 MP: 3/3
   668 | D:2      | Reached XP level 3. HP: 18/18 MP: 4/4
   746 | D:2      | Found a shadowy altar of Dithmenos.
   766 | D:2      | Became a worshipper of Dithmenos the Shadowed
   836 | D:2      | Gained mutation: Your natural rate of healing is unusually
                  | fast. [Vine Stalker growth]
   836 | D:2      | Reached XP level 4. HP: 21/23 MP: 5/5
  1271 | D:3      | Reached * piety under Dithmenos
  1431 | D:3      | Found a deep blue altar of Sif Muna.
  1433 | D:3      | Found a burning altar of Makhleb.
  1433 | D:3      | Found a hazy altar of Hepliaklqana.
  1435 | D:3      | Found a shimmering altar of Xom.
  1435 | D:3      | Found a deep blue altar of Sif Muna.
  1435 | D:3      | Found a shadowy altar of Dithmenos.
  1538 | D:3      | Noticed Jessica
  1543 | D:3      | Found a basalt altar of Yredelemnul.
  1544 | D:3      | Killed Jessica
  1544 | D:3      | Reached XP level 5. HP: 26/26 MP: 6/6
  1714 | D:3      | Reached skill level 5 in Short Blades
  1982 | D:4      | Found a sand-covered staircase.
  1984 | D:4      | Reached XP level 6. HP: 30/30 MP: 7/7
  1987 | Ossuary  | Entered an ossuary
  2006 | Ossuary  | Reached ** piety under Dithmenos
  2407 | Ossuary  | Reached XP level 7. HP: 30/34 MP: 8/8
  2775 | D:4      | Reached *** piety under Dithmenos
  3008 | D:4      | Learned a level 3 spell: Confuse
  3215 | D:4      | Reached skill level 1 in Shields
  3405 | D:5      | Entered Level 5 of the Dungeon
  3719 | D:5      | Gained mutation: You have razor-sharp teeth. [Vine Stalker
                  | growth]
  3719 | D:5      | Reached XP level 8. HP: 38/38 MP: 9/9
  3745 | D:5      | Found Nueschul's Antique Armour Shoppe.
  3869 | D:5      | Found Gompoeme's Assorted Antiques.
  3872 | D:5      | Bought a glowing rapier for 175 gold pieces
  3900 | D:5      | Found a staircase to the Ecumenical Temple.
  3951 | D:5      | Found Mij Reo's Food Emporium.
  4145 | D:5      | Found Buotem's Jewellery Emporium.
  4150 | D:5      | Found Roropnogg's Book Boutique.
  4261 | D:5      | Reached **** piety under Dithmenos
  4493 | D:5      | Reached XP level 9. HP: 42/42 MP: 10/10
  4615 | D:5      | Noticed Grum
  4622 | D:5      | Killed Grum
  4622 | D:5      | Reached skill level 10 in Short Blades
  5101 | D:6      | Noticed Edmund
  5114 | D:6      | Killed Edmund
  5266 | D:6      | Reached skill level 5 in Stealth
  5292 | D:6      | Found Cyga's Elemental Accessories.
  5656 | D:6      | Found a shattered altar of Ashenzari.
  5742 | D:7      | Found a stormy altar of Qazlal.
  5795 | D:7      | Reached XP level 10. HP: 46/46 MP: 11/11
  6059 | D:7      | Reached skill level 1 in Hexes
  6443 | D:7      | Reached ***** piety under Dithmenos
  6547 | D:8      | Found a sacrificial altar of Ru.
  6618 | D:8      | Found a staircase to the Lair.
  6841 | D:5      | Bought a runed rapier for 175 gold pieces
  7020 | D:8      | Reached skill level 5 in Hexes
  7032 | D:8      | Found a glowing golden altar of the Shining One.
  7052 | D:8      | Found Womym's Gadget Shoppe.
  7336 | D:8      | Noticed a two-headed ogre
  7342 | D:8      | Found a shimmering altar of Xom.
  7342 | D:8      | Noticed an angel
  7343 | D:8      | Killed a two-headed ogre
  7360 | D:8      | Found a glowing silver altar of Zin.
  7473 | D:8      | Found a sparkling altar of Nemelex Xobeh.
  7475 | D:8      | Found a white marble altar of Elyvilon.
  7476 | D:8      | Found a hide-covered altar of Uskayaw.
  7476 | D:8      | Found a snail-covered altar of Cheibriados.
  7542 | D:8      | Found a hazy altar of Hepliaklqana.
  8053 | D:9      | Noticed Erolcha
  8069 | D:9      | Killed Erolcha
  8069 | D:9      | Reached XP level 11. HP: 50/50 MP: 12/12
  8586 | D:9      | Learned a level 5 spell: Metabolic Englaciation
  8862 | D:9      | Noticed Joseph
  9004 | D:9      | Killed Joseph
  9158 | Lair:1   | Entered Level 1 of the Lair of Beasts
  9186 | Lair:1   | Noticed Harold
  9294 | D:8      | HP: 2/50 [crocodile (2)]
  9299 | D:8      | HP: 1/50 [poisoned by a black mamba]
  9305 | D:8      | HP: 2/50 [poisoned by a black mamba]
  9312 | D:8      | HP: 2/50 [poisoned by a black mamba]
  9450 | Lair:1   | Killed Harold
  9505 | Lair:1   | Found a frozen archway.
  9546 | IceCv    | Entered an ice cave
  9923 | Lair:1   | Got a pair of steaming boots
  9931 | Lair:1   | Identified the +4 pair of boots of Casismac {MR+ rCorr MP-9
                  | Slay+3} (You found it on level 1 of the Lair of Beasts)
 10359 | Lair:2   | Gained mutation: You heal very quickly. [Vine Stalker
                  | growth]
 10359 | Lair:2   | Reached XP level 12. HP: 54/54 MP: 13/13
 10822 | Lair:2   | Found a hole to the Spider Nest.
 11032 | Lair:3   | Noticed a seven-headed hydra
 11093 | Lair:3   | Noticed a seven-headed hydra
 11099 | Lair:3   | Killed a seven-headed hydra
 11099 | Lair:3   | Reached skill level 1 in Spellcasting
 11442 | Lair:3   | Learned a level 5 spell: Yara's Violent Unravelling
 11484 | Lair:3   | Killed a seven-headed hydra
 11484 | Lair:3   | Reached ****** piety under Dithmenos
 11572 | Lair:3   | Found a staircase to the Shoals.
 11652 | Lair:3   | Reached skill level 10 in Stealth
 11800 | Lair:3   | Noticed a queen ant
 11847 | Lair:3   | Killed a queen ant
 11894 | Lair:3   | Reached skill level 5 in Spellcasting
 12246 | Lair:3   | Reached XP level 13. HP: 58/58 MP: 13/22
 12373 | Lair:3   | Found a runed translucent gate.
 12374 | Lair:3   | Found a runed translucent gate.
 12374 | Lair:3   | Noticed anet's ghost (journeyman DEWz)
 12376 | Lair:3   | Found a runed translucent gate.
 13023 | Lair:4   | Noticed Nergalle
 13030 | Lair:4   | Killed Nergalle
 13904 | Lair:5   | Got a sheer robe
 13915 | Lair:5   | Identified the +1 robe of Dimie {rCorr Int+4} (You found it
                  | on level 5 of the Lair of Beasts)
 14215 | Lair:6   | Entered Level 6 of the Lair of Beasts
 14315 | Lair:6   | Found a viscous altar of Jiyva.
 14316 | Lair:6   | Found a staircase to the Slime Pits.
 14401 | Lair:6   | Reached skill level 5 in Fighting
 14854 | Lair:6   | Reached skill level 1 in Armour
 14885 | Lair:6   | Identified 3 scrolls of acquirement
 15114 | Lair:6   | Noticed a dire elephant
 15382 | Lair:6   | Killed a dire elephant
 15382 | Lair:6   | Reached XP level 14. HP: 72/72 MP: 8/27
 15540 | Lair:6   | Reached skill level 5 in Armour
 16059 | Lair:1   | Upgraded the game from 0.24-a0-422-g9eff3895ba to
                  | 0.24-a0-423-g6870c0f642
 16061 | Lair:1   | Got a crystal rapier
 16062 | Lair:1   | Identified the +3 rapier "Liduilun" {elec, *Slow rPois
                  | Int+4 SInv} (You acquired it on level 1 of the Lair of
                  | Beasts)
 16274 | D:10     | Entered Level 10 of the Dungeon
 16345 | D:10     | Got a faintly humming hat
 16394 | D:10     | Identified the cursed -6 hat "Veise" {rC+ MP+9} (You found
                  | it on level 10 of the Dungeon)
 16997 | D:11     | Found a staircase to the Orcish Mines.
 17008 | D:11     | Found a roughly hewn altar of Beogh.
 17266 | D:11     | Found a flagged portal.
 17279 | Bailey   | Entered a bailey
 17327 | Bailey   | Found an iron altar of Okawaru.
 17458 | Bailey   | Got an ancient crystal plate armour
 17504 | Bailey   | Identified the +16 crystal plate armour of Elyvilon's Whim
                  | {rElec rC+ Int+3} (You acquired it in a bailey)
 17745 | Bailey   | Got a spiked leather armour
 17827 | D:11     | Identified the cursed +1 leather armour of Liberty {rC+
                  | Slay+2} (You found it in a bailey)
 18155 | Orc:1    | Entered Level 1 of the Orcish Mines
 18239 | Orc:1    | You fall into a shaft and drop 1 floor!
 18239 | Orc:2    | Entered Level 2 of the Orcish Mines
 18239 | Orc:2    | Noticed an orc warlord
 19351 | Orc:2    | Found a staircase to the Elven Halls.
 19481 | Orc:2    | Found Haxiaseg's Distillery.
 20072 | Orc:2    | Killed an orc warlord
 20072 | Orc:2    | Reached skill level 5 in Throwing
 20266 | Orc:2    | Found Giof's General Store.
 20267 | Orc:2    | Found Feneqyfe's Jewellery Boutique.
 20269 | Orc:2    | Found Qeabb's Antique Armour Shop.
 20269 | Orc:2    | Found Saneorr's Antique Weapon Shop.
 20319 | Orc:2    | Bought a pair of transparent gloves for 218 gold pieces
 20329 | Orc:2    | Identified the +1 pair of gloves of the Cooper {rF+ rN+
                  | MR++ Str-5} (You bought it in a shop on level 2 of the
                  | Orcish Mines)
 20796 | D:12     | Reached XP level 15. HP: 67/75 MP: 19/28
 20985 | D:12     | Found a gate leading to a gauntlet.
 21025 | D:12     | Reached skill level 1 in Invocations
 21571 | Spider:1 | Entered Level 1 of the Spider Nest
 21717 | Spider:1 | Found the +4 dagger "Morg" {pain, MR+ Int+5}
 21817 | Spider:1 | Reached skill level 5 in Invocations
 22182 | Spider:1 | Noticed an emperor scorpion
 22230 | Spider:1 | Killed an emperor scorpion
 22767 | Spider:2 | Reached skill level 10 in Invocations
 22837 | Spider:2 | Noticed Jorgrun
 22857 | Spider:2 | Killed Jorgrun
 22857 | Spider:2 | Reached XP level 16. HP: 58/80 MP: 16/29
 23446 | Spider:2 | You fall into a shaft and drop 1 floor!
 23780 | Spider:2 | Reached skill level 1 in Evocations
 24621 | Spider:3 | Reached skill level 5 in Evocations
 24922 | Spider:4 | Entered Level 4 of the Spider Nest
 24922 | Spider:4 | Noticed Bai Suzhen
 25237 | Spider:3 | Learned a level 1 spell: Confusing Touch
 25418 | Spider:3 | Killed Bai Suzhen
 25495 | Spider:4 | Noticed Nikola
 25517 | Spider:3 | Killed Nikola
 25517 | Spider:3 | Reached XP level 17. HP: 82/84 MP: 21/30
 25671 | Spider:4 | Reached skill level 1 in Dodging
 25962 | Spider:4 | Found a runed translucent gate.
 25964 | Spider:4 | Found a runed translucent gate.
 25965 | Spider:4 | Found a runed translucent gate.
 25967 | Spider:4 | Noticed MachJacob's ghost (adept HONe)
 26373 | Spider:4 | Reached skill level 5 in Dodging
 26424 | Spider:4 | Noticed Arachne
 26456 | Spider:4 | Killed Arachne
 27076 | Spider:4 | Got a gossamer rune of Zot
 27432 | D:5      | Bought a manual of Fighting for 1324 gold pieces
 28072 | D:13     | Found Ymocaemy's Antique Armour Boutique.
 28122 | D:13     | Found Hosch's Magic Scroll Emporium.
 28136 | D:13     | Bought a scroll of blinking for 82 gold pieces
 28136 | D:13     | Bought a scroll of teleportation for 33 gold pieces
 28136 | D:13     | Bought a scroll of teleportation for 33 gold pieces
 28302 | D:13     | Found Xiubafuff's Antique Armour Shop.
 28307 | D:13     | Found Wibipa Emeis's Assorted Antiques.
 28315 | D:13     | Bought a pair of polished boots for 351 gold pieces
 28325 | D:13     | Identified the +4 pair of boots "Anuurefi" {+Fly MR+} (You
                  | bought it in a shop on level 13 of the Dungeon)
 28635 | D:13     | Found Eceu's Food Boutique.
 28675 | D:13     | Reached skill level 10 in Hexes
 28918 | D:14     | Found a gate to the Vaults.
 28918 | D:14     | Noticed Nessos
 28918 | D:14     | Noticed Rupert
 28954 | D:14     | Found a transporter.
 28954 | D:14     | Noticed firegrace's ghost (journeyman MiBe)
 29068 | D:14     | Killed Nessos
 29097 | D:14     | Killed Rupert
 29276 | D:14     | Reached XP level 18. HP: 92/92 MP: 22/31
 29416 | D:14     | Noticed Agnes
 29429 | D:14     | Killed Agnes
 29688 | D:14     | Found a transporter.
 30006 | D:15     | Entered Level 15 of the Dungeon
 30618 | D:15     | Found a staircase to the Depths.
 30766 | D:15     | Found a bloodstained altar of Trog.
 31086 | Elf:1    | Entered Level 1 of the Elven Halls
 31100 | Elf:1    | Reached skill level 10 in Fighting
 31381 | Elf:1    | Identified Sif Muna's Reference Book on Attacks
 32056 | Elf:2    | Got an ichor-stained scimitar
 32058 | Elf:2    | Found a runed translucent gate.
 32071 | Elf:2    | Found a runed translucent gate.
 32073 | Elf:2    | Found a runed translucent gate.
 32190 | Elf:2    | Found a gateway to a bazaar.
 32363 | Elf:2    | Identified the +0 scimitar of the Original Sin {protect,
                  | rElec rC+} (You found it on level 2 of the Elven Halls)
 32657 | Elf:2    | Noticed a deep elf blademaster
 32672 | Elf:2    | Killed a deep elf blademaster
 32717 | Elf:2    | Reached XP level 19. HP: 97/106 MP: 20/33
 32719 | Elf:2    | Cast into level 2 of the Abyss (+1 executioner's axe of
                  | distortion)
 33077 | Elf:2    | Escaped the Abyss
 33176 | Elf:2    | Reached skill level 15 in Fighting
 33410 | Elf:2    | Gained mutation: You are clumsy. (Dex -2) [a neqoxec]
 33557 | Elf:2    | Got an iridescent short sword
 33639 | Elf:1    | Identified the +3 short sword of the Candelabrum {freeze,
                  | Stlth+} (You found it on level 2 of the Elven Halls)
 33891 | Shoals:1 | Entered Level 1 of the Shoals
 34860 | Shoals:1 | Found Zeupnam's Antique Armour Emporium.
 35172 | Shoals:2 | Noticed Kirke
 35191 | Shoals:1 | Reached skill level 10 in Armour
 35214 | Shoals:1 | Killed Kirke
 35754 | Shoals:3 | Reached skill level 5 in Shields
 35824 | Shoals:3 | Noticed Ilsuiw
 35955 | Shoals:3 | Killed Ilsuiw
 36475 | Shoals:3 | Reached XP level 20. HP: 106/113 MP: 23/34
 36752 | Shoals:4 | Entered Level 4 of the Shoals
 37266 | Shoals:4 | Noticed Roxanne
 37311 | Shoals:4 | Killed Roxanne
 37740 | Shoals:4 | Upgraded the game from 0.24-a0-423-g6870c0f642 to
                  | 0.24-a0-433-gbe6fa4f6cc
 37793 | Shoals:4 | Got a barnacled rune of Zot
 37815 | Shoals:4 | Noticed Louise
 37847 | Shoals:4 | Killed Louise
 37847 | Shoals:4 | Reached skill level 10 in Shields
 38155 | Shoals:4 | Learned a level 2 spell: Swiftness
 38886 | Vaults:1 | Entered Level 1 of the Vaults
 39793 | Vaults:1 | Noticed Donald
 39824 | Vaults:1 | Killed Donald
 39905 | Vaults:1 | Found Plog's Armour Emporium.
 40377 | Vaults:1 | Reached XP level 21. HP: 117/117 MP: 24/35
 40782 | Vaults:2 | Noticed Boris
 40783 | Vaults:2 | Identified the +7 shortbow of Lot Beta {velocity, rPois}
 40866 | Vaults:2 | Killed Boris
 40934 | Vaults:2 | Found Ceatowk's Jewellery Shop.
 41607 | Vaults:2 | Reached skill level 15 in Shields
 42106 | Vaults:3 | Found Luqedugy's Book Boutique.
 42120 | Vaults:3 | Bought a book of Battle for 560 gold pieces
 42124 | Vaults:3 | Learned a level 3 spell: Regeneration
 42128 | Vaults:3 | Learned a level 3 spell: Spectral Weapon
 42131 | Vaults:3 | Learned a level 2 spell: Shroud of Golubria
 42134 | Vaults:3 | Learned a level 2 spell: Song of Slaying
 42200 | Vaults:3 | Reached skill level 1 in Charms
 42655 | Vaults:3 | Reached skill level 5 in Charms
 42739 | Vaults:3 | Found a staircase to the Crypt.
 42793 | Vaults:3 | Found a roughly hewn altar of Beogh.
 43144 | Vaults:3 | Reached XP level 22. HP: 122/122 MP: 27/36
 43318 | Vaults:3 | Found Hige Ker's Food Emporium.
 44041 | Vaults:3 | Identified the +7 arbalest "Ekhu" {venom, *Corrode rF-
                  | Str+2 Int+8}
 44113 | Vaults:3 | Reached skill level 10 in Charms
 44761 | Vaults:4 | Noticed Saint Roka
 44832 | Vaults:4 | Killed Saint Roka
 44998 | Vaults:4 | Reached skill level 1 in Necromancy
 45294 | Vaults:4 | Found Retu's Jewellery Shoppe.
 45306 | Vaults:4 | Bought the ring of Feoneral {rF+ MR+ AC+3} for 568 gold
                  | pieces
 45431 | Vaults:4 | Reached skill level 5 in Necromancy
 45925 | Vaults:4 | Reached XP level 23. HP: 105/126 MP: 25/37
 45955 | Vaults:4 | Got a smoking great sword
 45956 | Vaults:4 | Identified the +0 great sword "Kenkal" {slice, +Blink} (You
                  | found it on level 4 of the Vaults)
 46149 | Vaults:4 | Found a radiant altar of Vehumet.
 46166 | Vaults:4 | Got a dazzling hat
 46170 | Vaults:4 | Identified the cursed +0 hat of Words of Power {rElec rF+
                  | Int+9} (You found it on level 4 of the Vaults)
 46374 | Vaults:4 | Noticed Boris
 46394 | Vaults:4 | Killed Boris
 46532 | Vaults:2 | Bought the amulet "Uviatog" {Reflect rN+ Str+6 SH+3 Stlth-}
                  | for 609 gold pieces
 47482 | Elf:3    | Entered Level 3 of the Elven Halls
 47551 | Elf:3    | Reached skill level 1 in Translocations
 47556 | Elf:3    | Reached skill level 1 in Air Magic
 48273 | Elf:3    | Identified the cursed +1 scale mail "Riodergho" {*Corrode
                  | rElec rC+++ Dex+2}
 48288 | Elf:3    | Reached skill level 5 in Translocations
 48288 | Elf:3    | Reached skill level 5 in Air Magic
 48299 | Elf:3    | Identified the +5 glaive of Analysis {chop, MR+ MP+9}
 48334 | Elf:3    | Identified the +7 short sword of Havoc {pierce, Fragile
                  | rElec rF++ Str+2}
 48343 | Elf:3    | Identified the +10 halberd "Zusuhosk" {chop, rF+ rN+ Int+4}
 48360 | Elf:3    | Identified the ring of Mytomoda {Fire +Blink rElec Int+2}
 48362 | Elf:3    | Found the +8 storm bow {elec, penet}
 49408 | Depths:1 | Entered Level 1 of the Depths
 49526 | Depths:1 | Found Hiqitifi's Food Emporium.
 49697 | Depths:1 | Found a runed translucent door.
 49806 | Depths:1 | Found a gateway to a ziggurat.
 49962 | Depths:1 | Reached skill level 10 in Dodging
 49968 | Depths:1 | Found a gateway to Hell.
 50509 | Depths:1 | Reached XP level 24. HP: 132/132 MP: 28/37
 50552 | Depths:1 | Reached skill level 1 in Bows
 50624 | Depths:1 | Found the +9 staff of Wucad Mu {channel}
 51683 | Depths:2 | Reached skill level 5 in Bows
 51820 | Depths:2 | Found a bloodstained altar of Trog.
 52946 | Depths:2 | Got a warped buckler
 52947 | Depths:2 | Identified the cursed +0 buckler "Nuoxkaph" {rN+ rCorr
                  | Dex+4} (You found it on level 2 of the Depths)
 52954 | Depths:2 | Identified the +1 faerie dragon scales {MR+ rCorr Str-5
                  | Slay+2 SInv}
 52954 | Depths:2 | Noticed the Enchantress
 53101 | Depths:2 | Killed the Enchantress
 53142 | Depths:2 | Found the +8 autumn katana {slice, Clar}
 53162 | Depths:2 | Learned a level 4 spell: Cause Fear
 53440 | Depths:2 | Reached skill level 1 in Long Blades
 53706 | Depths:3 | Noticed Jory
 53743 | Depths:3 | Killed Jory
 53846 | Depths:3 | Found a one-way gate leading to the halls of Pandemonium.
 54000 | Depths:3 | Reached skill level 5 in Long Blades
 54726 | Depths:3 | Identified the +8 large shield of the Cockatrice {+Inv +Fly
                  | Int+4}
 54889 | Depths:3 | Found a glowing silver altar of Zin.
 54889 | Depths:3 | Noticed Mennas
 54962 | Depths:3 | Killed Mennas
 54994 | Depths:3 | Got a smoking glass ring
 54995 | Depths:3 | Identified the ring of Macwucof {rF+ rC+ Str+3 Int+2} (You
                  | found it on level 3 of the Depths)
 55307 | Depths:4 | Reached XP level 25. HP: 136/136 MP: 28/37
 55321 | Depths:4 | Noticed Boris
 55375 | Depths:3 | Killed Boris
 55513 | Depths:4 | Reached skill level 10 in Long Blades
 55649 | Depths:4 | Noticed a juggernaut
 55673 | Depths:4 | Killed a juggernaut
 56026 | Depths:4 | Found a one-way gate to the infinite horrors of the Abyss.
 56209 | Depths:5 | Entered Level 5 of the Depths
 56583 | Depths:5 | Noticed Sojobo
 56808 | Depths:5 | Killed Sojobo
 57244 | Depths:5 | Found a gate to the Realm of Zot.
 57972 | Vaults:5 | Entered Level 5 of the Vaults
 58027 | Vaults:4 | Reached XP level 26. HP: 141/141 MP: 28/37
 59085 | Vaults:5 | Noticed an ancient lich
 59110 | Vaults:5 | Killed an ancient lich
 59161 | Vaults:5 | Identified the +8 spear "Goblin's Nightmare" {freeze, MR+
                  | Str+2 Stlth+}
 59293 | Vaults:5 | Reached XP level 27. HP: 108/145 MP: 24/37
 59365 | Vaults:5 | Got a brightly glowing cloak
 59366 | Vaults:5 | Identified the +2 cloak of the First Places {Stlth+} (You
                  | found it on level 5 of the Vaults)
 59409 | Vaults:5 | Noticed an ancient lich
 59416 | Vaults:5 | Killed an ancient lich
 59519 | Vaults:5 | Got a silver rune of Zot
 60051 | Vaults:5 | Learned a level 5 spell: Dispel Undead
 60057 | Vaults:5 | Learned a level 5 spell: Agony
 60077 | Vaults:5 | Identified the Grimoire of the Mountains and Enchantment
 60986 | Slime:1  | Entered Level 1 of the Pits of Slime
 61290 | Slime:5  | Entered Level 5 of the Pits of Slime
 61525 | Slime:5  | Noticed the Royal Jelly
 61548 | Slime:5  | Killed the Royal Jelly
 61800 | Slime:5  | Found the +6 arbalest "Damnation" {damnation}
 61922 | Slime:5  | Got a slimy rune of Zot
 62141 | Lair:3   | Killed anet's ghost
 62375 | Spider:4 | Killed MachJacob's ghost
 62539 | Lair:1   | Upgraded the game from 0.24-a0-433-gbe6fa4f6cc to
                  | 0.24-a0-434-gd57e52fea8
 63097 | Crypt:1  | Entered Level 1 of the Crypt
 63345 | Crypt:1  | Got an iridescent scimitar
 64008 | Crypt:2  | Found a basalt altar of Yredelemnul.
 64977 | Crypt:3  | Entered Level 3 of the Crypt
 65241 | Crypt:3  | Noticed Mara
 65242 | Crypt:3  | Noticed HAL9000's illusion
 65318 | Crypt:3  | Found an ancient bone altar of Kikubaaqudgha.
 65318 | Crypt:3  | Noticed an ancient lich
 65325 | Crypt:3  | Killed an ancient lich
 65332 | Crypt:3  | Killed Mara
 65389 | Crypt:3  | Identified Rarghat's Incunabulum of the Arsonist and Cold
 65437 | Crypt:3  | Got a scintillating turquoise ring
 65444 | Crypt:3  | Got a coiled steel amulet
 65444 | Crypt:3  | Got an ancient lead ring
 65590 | Crypt:3  | Found a staircase to the Tomb.
 65725 | Crypt:3  | Noticed Khufu
 65741 | Crypt:3  | Killed Khufu
 66066 | Crypt:3  | Got a faintly glowing amethyst amulet
 66428 | Lair:1   | Identified the ring of Kafrem {rElec rF+ rN+ Int+4} (You
                  | found it on level 3 of the Crypt)
 66429 | Lair:1   | Identified the amulet "Ajisahuo" {RegenMP rN+ Str+4} (You
                  | found it on level 3 of the Crypt)
 66430 | Lair:1   | Identified the ring of Vipuproy {rF+ rC+++ rN+ MR+ Int-2}
                  | (You found it on level 3 of the Crypt)
 66431 | Lair:1   | Identified the amulet "Mawin" {-Tele rElec rC+ Regen+} (You
                  | found it on level 3 of the Crypt)
 66669 | Bazaar   | Entered a bazaar
 66669 | Bazaar   | Found Vepuh's Jewellery Boutique.
 66669 | Bazaar   | Found Ifigint's Weapon Shop.
 66669 | Bazaar   | Found Canlit's Armour Shop.
 66669 | Bazaar   | Found Fuzuv's Food Boutique.
 66669 | Bazaar   | Found Jerchiesch's Distillery.
 66676 | Bazaar   | Bought a potion of haste for 100 gold pieces
 66676 | Bazaar   | Bought a potion of curing for 30 gold pieces
 66676 | Bazaar   | Bought a potion of curing for 30 gold pieces
 66684 | Bazaar   | Bought a ration for 45 gold pieces
 66684 | Bazaar   | Bought a ration for 45 gold pieces
 66684 | Bazaar   | Bought a ration for 45 gold pieces
 66684 | Bazaar   | Bought a ration for 45 gold pieces
 67221 | D:14     | Killed firegrace's ghost
 67433 | Depths:4 | Voluntarily entered the Abyss.
 67594 | Abyss:1  | Found a corrupted altar of Lugonu.
 68211 | Abyss:2  | Gained mutation: Your body sometimes deteriorates upon
                  | taking damage. [a neqoxec]
 68866 | Abyss:3  | Gained mutation: You can translocate small distances at
                  | will. [a neqoxec]
 68892 | Abyss:3  | Gained mutation: You tend to lose your temper in combat. [a
                  | neqoxec]
 69308 | Abyss:4  | Found a corrupted altar of Lugonu.
 69336 | Abyss:4  | Found a corrupted altar of Lugonu.
 69408 | Abyss:4  | Paralysed by accursed screaming for 1 turns
 69428 | Abyss:4  | Paralysed by accursed screaming for 1 turns
 69945 | Abyss:4  | Found a corrupted altar of Lugonu.
 70156 | Abyss:5  | Entered Level 5 of the Abyss
 70156 | Abyss:5  | Entered Level 5 of the Abyss
 70378 | Abyss:5  | Paralysed by accursed screaming for 1 turns
 70645 | Abyss:5  | Paralysed by you for 4 turns
 70672 | Abyss:5  | Reached skill level 15 in Armour
 70816 | Abyss:5  | Paralysed by accursed screaming for 1 turns
 70907 | Abyss:5  | Found a glowing golden altar of the Shining One.
 70917 | Abyss:5  | Found a shadowy altar of Dithmenos.
 70917 | Abyss:5  | Found a deep blue altar of Sif Muna.
 70917 | Abyss:5  | Found a radiant altar of Vehumet.
 70917 | Abyss:5  | Found an ornate altar of the Wu Jian Council.
 70917 | Abyss:5  | Found an iron altar of Okawaru.
 70917 | Abyss:5  | Found an opulent altar of Gozag.
 70917 | Abyss:5  | Found a shattered altar of Ashenzari.
 70917 | Abyss:5  | Found a sparkling altar of Nemelex Xobeh.
 70917 | Abyss:5  | Found a snail-covered altar of Cheibriados.
 70917 | Abyss:5  | Found a glowing silver altar of Zin.
 70917 | Abyss:5  | Found a blossoming altar of Fedhas.
 70917 | Abyss:5  | Found a hide-covered altar of Uskayaw.
 70917 | Abyss:5  | Found an ancient bone altar of Kikubaaqudgha.
 70919 | Abyss:5  | Found a hazy altar of Hepliaklqana.
 70919 | Abyss:5  | Found a stormy altar of Qazlal.
 70919 | Abyss:5  | Found a basalt altar of Yredelemnul.
 70919 | Abyss:5  | Found a shimmering altar of Xom.
 70922 | Abyss:5  | Paralysed by accursed screaming for 1 turns
 70937 | Abyss:5  | Paralysed by accursed screaming for 2 turns
 70949 | Abyss:5  | Found a glowing silver altar of Zin.
 70958 | Abyss:5  | Paralysed by accursed screaming for 2 turns
 70963 | Abyss:5  | Paralysed by accursed screaming for 2 turns
 70973 | Abyss:5  | Paralysed by accursed screaming for 1 turns
 70976 | Abyss:5  | Paralysed by accursed screaming for 2 turns
 71159 | Abyss:5  | Gained mutation: Your magical capacity is low. (-10% MP) [a
                  | neqoxec]
 71161 | Abyss:5  | Gained mutation: You are very clumsy. (Dex -4) [a neqoxec]
 71443 | Depths:4 | Escaped the Abyss
 71474 | Depths:4 | Voluntarily entered the Abyss.
 71495 | Abyss:1  | Paralysed by accursed screaming for 1 turns
 71517 | Abyss:1  | Paralysed by accursed screaming for 2 turns
 71541 | Abyss:1  | Paralysed by accursed screaming for 1 turns
 71563 | Abyss:1  | Paralysed by accursed screaming for 1 turns
 71655 | Depths:4 | Escaped the Abyss
 71694 | Depths:4 | Voluntarily entered the Abyss.
 71706 | Abyss:1  | Found a corrupted altar of Lugonu.
 71719 | Abyss:1  | Paralysed by accursed screaming for 1 turns
 71755 | Abyss:2  | Found a corrupted altar of Lugonu.
 71904 | Abyss:4  | Found a corrupted altar of Lugonu.
 72011 | Abyss:4  | Gained mutation: You are weak. (Str -2) [a neqoxec]
 72167 | Abyss:4  | Found a corrupted altar of Lugonu.
 72219 | Abyss:4  | Paralysed by accursed screaming for 1 turns
 72241 | Abyss:4  | Paralysed by accursed screaming for 1 turns
 72399 | Abyss:4  | Got an abyssal rune of Zot
 72842 | Abyss:4  | Paralysed by accursed screaming for 2 turns
 72894 | Abyss:4  | Reached skill level 15 in Dodging
 72951 | Depths:4 | Escaped the Abyss
 73451 | Hell     | Entered the Vestibule of Hell
 73451 | Hell     | Noticed Geryon
 73514 | Hell     | Killed Geryon
 73682 | Hell     | Found a gateway to the Iron City of Dis.
 73788 | Hell     | Found a gateway to the decaying netherworld of Tartarus.
 73964 | Hell     | Found a gateway to the freezing wastes of Cocytus.
 74046 | Hell     | Found a gateway to the ashen valley of Gehenna.
 74307 | Coc:1    | Entered Level 1 of Cocytus
 74468 | Pan      | Entered Pandemonium
 74496 | Pan      | Gained mutation: You often lose your temper in combat. [a
                  | neqoxec]
 74498 | Pan      | Gained mutation: Scrolls take you a little longer to read.
                  | [a neqoxec]
 74643 | Pan      | Gained mutation: You are occasionally teleported next to
                  | monsters. [a neqoxec]
 74811 | Pan      | Lost mutation: Scrolls take you a little longer to read.
                  | [potion of mutation]
 74811 | Pan      | Lost mutation: Your body sometimes deteriorates upon taking
                  | damage. [potion of mutation]
 74811 | Pan      | Lost mutation: You are very clumsy. (Dex -4) [potion of
                  | mutation]
 74811 | Pan      | Lost mutation: You are weak. (Str -2) [potion of mutation]
 74811 | Pan      | Gained mutation: You are partially covered in yellow
                  | scales. (AC +2) [potion of mutation]
 74811 | Pan      | Gained mutation: Your flesh is cold resistant. (rC+)
                  | [potion of mutation]
 75054 | Pan      | Noticed Zeitag the pandemonium lord
 75066 | Pan      | Killed Zeitag the pandemonium lord
 75177 | Pan      | Entered the realm of Gloorx Vloq.
 75751 | Pan      | Noticed Gloorx Vloq
 75759 | Pan      | Killed Gloorx Vloq
 75775 | Pan      | Got a dark rune of Zot
 75972 | Pan      | Found an exit through the horrors of the Abyss.
 76054 | Pan      | Entered the realm of Cerebov.
 76169 | Pan      | Found an exit through the horrors of the Abyss.
 76823 | Pan      | Identified the +6 sword of Cerebov {flame}
 76823 | Pan      | Noticed Cerebov
 76823 | Pan      | Identified the +6 quarterstaff of Eternal War {drain, rElec
                  | Str+3}
 76837 | Pan      | Identified the ring "Xirox" {rElec rPois Str+5 Int-5
                  | Stlth+}
 76848 | Pan      | Identified the +4 flail "Cemerowo" {flame, +Rage Dex+4}
 77101 | Pan      | Learned a level 1 spell: Apportation
 77639 | Pan      | Killed Cerebov
 77656 | Pan      | Lost mutation: Your magical capacity is low. (-10% MP)
                  | [potion of mutation]
 77656 | Pan      | Lost mutation: You often lose your temper in combat.
                  | [potion of mutation]
 77656 | Pan      | Lost mutation: You tend to lose your temper in combat.
                  | [potion of mutation]
 77656 | Pan      | Gained mutation: You have a somewhat thin skeletal
                  | structure. (Dex +2, Stealth) [potion of mutation]
 77656 | Pan      | Lost mutation: You are clumsy. (Dex -2) [potion of
                  | mutation]
 77656 | Pan      | Gained mutation: Your mind is acute. (Int +2) [potion of
                  | mutation]
 77674 | Pan      | Got a fiery rune of Zot
 78111 | Pan      | Found a runed translucent door.
 78288 | Pan      | Noticed Vaem the pandemonium lord
 78302 | Pan      | Killed Vaem the pandemonium lord
 78554 | Pan      | Noticed Cidyifot the pandemonium lord
 78575 | Pan      | Gained mutation: You tend to lose your temper in combat. [a
                  | cacodemon]
 78730 | Pan      | Entered the realm of Mnoleg.
 78846 | Pan      | Lost mutation: Your flesh is cold resistant. (rC+) [a
                  | neqoxec]
 78846 | Pan      | Lost mutation: Your mind is acute. (Int +2) [a neqoxec]
 78885 | Pan      | Gained mutation: Scrolls take you a little longer to read.
                  | [a neqoxec]
 78965 | Pan      | Gained mutation: Your mind is acute. (Int +2) [a neqoxec]
 78986 | Pan      | Gained mutation: Your body sometimes deteriorates upon
                  | taking damage. [a neqoxec]
 79178 | Pan      | Gained mutation: Scrolls take you longer to read. [a
                  | neqoxec]
 79182 | Pan      | Noticed Mnoleg
 79193 | Pan      | Gained mutation: You are clumsy. (Dex -2) [Mnoleg's
                  | mutagenic touch]
 79198 | Pan      | Killed Mnoleg
 79227 | Pan      | Got a glowing rune of Zot
 79306 | Pan      | Found a runed translucent door.
 79307 | Pan      | Found a runed translucent door.
 79317 | Pan      | Found a runed translucent door.
 79331 | Pan      | Entered the realm of Lom Lobon.
 79331 | Pan      | Noticed Lom Lobon
 79360 | Pan      | Killed Lom Lobon
 79366 | Pan      | Got a magical rune of Zot
 79517 | Pan      | Found an exit through the horrors of the Abyss.
 79575 | Pan      | Gained mutation: You are frail. (-10% HP) [a neqoxec]
 79596 | Pan      | Gained mutation: Your spells are a little easier to cast,
                  | but a little less powerful. [a neqoxec]
 79731 | Pan      | Noticed Xoah the pandemonium lord
 79753 | Pan      | Killed Xoah the pandemonium lord
 79889 | Pan      | Noticed Ignacio
 79901 | Pan      | Killed Ignacio
 80112 | Pan      | Lost mutation: You are frail. (-10% HP) [potion of
                  | mutation]
 80112 | Pan      | Lost mutation: Your mind is acute. (Int +2) [potion of
                  | mutation]
 80112 | Pan      | Lost mutation: You tend to lose your temper in combat.
                  | [potion of mutation]
 80112 | Pan      | Lost mutation: Your spells are a little easier to cast, but
                  | a little less powerful. [potion of mutation]
 80112 | Pan      | Gained mutation: Your mind is acute. (Int +2) [potion of
                  | mutation]
 80348 | Pan      | Noticed Yqanar the pandemonium lord
 80379 | Pan      | Killed Yqanar the pandemonium lord
 80379 | Pan      | Reached skill level 10 in Spellcasting
 80586 | Pan      | Noticed Oplant the pandemonium lord
 80612 | Pan      | Gained mutation: You are very clumsy. (Dex -4) [a
                  | cacodemon]
 80666 | Pan      | Gained mutation: You are sometimes teleported next to
                  | monsters. [a cacodemon]
 80843 | Pan      | Found an exit through the horrors of the Abyss.
 80910 | Pan      | Noticed Qed Ydunk the pandemonium lord
 80963 | Pan      | Killed Qed Ydunk the pandemonium lord
 81008 | Pan      | Found a runed translucent door.
 81011 | Pan      | Found a runed translucent door.
 81019 | Pan      | Found a runed translucent door.
 81027 | Pan      | Got a heavily runed brass ring
 81030 | Pan      | Identified the ring of Dianieduc {rPois EV+3 Str+5 Int-5
                  | SInv} (You found it in Pandemonium)
 81070 | Pan      | Got a pitted copper ring
 81073 | Pan      | Identified the ring "Toshis" {rElec rF+ Int+3} (You found
                  | it in Pandemonium)
 81078 | Pan      | Found a runed translucent door.
 81087 | Pan      | Noticed Pumirak the pandemonium lord
 81104 | Pan      | Killed Pumirak the pandemonium lord
 81400 | Pan      | Found an exit through the horrors of the Abyss.
 81471 | Pan      | Noticed Ziloi the pandemonium lord
 81498 | Pan      | Killed Ziloi the pandemonium lord
 81798 | Pan      | Got a glittering gossamer ring
 81802 | Pan      | Identified the ring of Pantheism {rN+ MR+} (You found it in
                  | Pandemonium)
 81818 | Pan      | Noticed Yroluumu the pandemonium lord
 81841 | Pan      | Killed Yroluumu the pandemonium lord
 81956 | Pan      | Gained mutation: Scrolls take you much longer to read. [a
                  | neqoxec]
 81993 | Pan      | Gained mutation: Your spells are a little easier to cast,
                  | but a little less powerful. [a neqoxec]
 81996 | Pan      | Gained mutation: Your body often deteriorates upon taking
                  | damage. [a neqoxec]
 82018 | Pan      | Gained mutation: Armour fits poorly on your strangely
                  | shaped body. [a neqoxec]
 82298 | Pan      | Found an exit through the horrors of the Abyss.
 82361 | Pan      | Noticed Dizit the pandemonium lord
 82553 | Pan      | Noticed Giutzus the pandemonium lord
 82948 | Pan      | Found an exit through the horrors of the Abyss.
 83186 | Pan      | Lost mutation: Scrolls take you much longer to read.
                  | [potion of mutation]
 83186 | Pan      | Lost mutation: Armour fits poorly on your strangely shaped
                  | body. [potion of mutation]
 83186 | Pan      | Lost mutation: You are very clumsy. (Dex -4) [potion of
                  | mutation]
 83186 | Pan      | Lost mutation: You are clumsy. (Dex -2) [potion of
                  | mutation]
 83186 | Pan      | Gained mutation: You are agile. (Dex +2) [potion of
                  | mutation]
 83299 | Pan      | Noticed Orchahoh the pandemonium lord
 83318 | Pan      | Killed Orchahoh the pandemonium lord
 83382 | Pan      | Noticed Kuwalon the pandemonium lord
 83395 | Pan      | Killed Kuwalon the pandemonium lord
 83455 | Pan      | Got a smoking ruby amulet
 83459 | Pan      | Identified the amulet of Ephemeral Luck {Gourm Int+4} (You
                  | found it in Pandemonium)
 83485 | Depths:3 | Escaped Pandemonium
 85718 | Coc:7    | Entered Level 7 of Cocytus
 86123 | Coc:7    | Reached skill level 10 in Evocations
 86358 | Coc:7    | Identified Sif Muna's Almanac of Earthen Poisoning
 86362 | Coc:7    | Got a steaming helmet
 86365 | Coc:7    | Got a twitching wooden ring
 86584 | Coc:7    | Noticed Antaeus
 86764 | Coc:7    | Killed Antaeus
 86925 | Coc:7    | Got an icy rune of Zot
 86927 | Coc:7    | Identified Xyatiu's Papyrus of the Frostbite and
                  | Transformation
 86930 | Coc:7    | Identified the Papyrus of Transformation and Black Magic
 86935 | Coc:7    | Got a steaming amber ring
 87347 | Lair:1   | Identified the +2 helmet of the Dungeon {-Tele +Inv Str+4}
                  | (You found it on level 7 of Cocytus)
 87350 | Lair:1   | Identified the ring of Xarecit {rF++ rCorr Int+3} (You
                  | found it on level 7 of Cocytus)
 87352 | Lair:1   | Identified the ring of Moptilav {*Tele rF+} (You found it
                  | on level 7 of Cocytus)
 87629 | Pan      | Entered Pandemonium
 87717 | Pan      | Found an exit through the horrors of the Abyss.
 87874 | Pan      | Learned a level 2 spell: Blink
 88405 | Pan      | Noticed Jiumneuj the pandemonium lord
 88426 | Pan      | Killed Jiumneuj the pandemonium lord
 88771 | Pan      | Found an exit through the horrors of the Abyss.
 88819 | Pan      | Found an exit through the horrors of the Abyss.
 88915 | Pan      | Noticed Ocail the pandemonium lord
 88924 | Pan      | Gained mutation: You are weak. (Str -2) [a cacodemon]
 88949 | Pan      | Killed Ocail the pandemonium lord
 89870 | Pan      | Noticed Hiexe the pandemonium lord
 89888 | Pan      | Killed Hiexe the pandemonium lord
 89902 | Pan      | Found an exit through the horrors of the Abyss.
 89954 | Pan      | Gained mutation: Your spells are easier to cast, but less
                  | powerful. [a cacodemon]
 90150 | Pan      | Noticed Piwas the pandemonium lord
 90158 | Pan      | Killed Piwas the pandemonium lord
 90406 | Pan      | Found an exit through the horrors of the Abyss.
 90842 | Pan      | Gained mutation: You are frail. (-10% HP) [a cacodemon]
 90920 | Pan      | Reached skill level 15 in Evocations
 91114 | Pan      | Noticed Huina the pandemonium lord
 91134 | Pan      | Killed Huina the pandemonium lord
 91453 | Pan      | Noticed Bogh the pandemonium lord
 91505 | Pan      | Killed Bogh the pandemonium lord
 91705 | Pan      | Noticed Voumett the pandemonium lord
 91723 | Pan      | Killed Voumett the pandemonium lord
 92322 | Pan      | Noticed Xohuvui the pandemonium lord
 92332 | Pan      | Killed Xohuvui the pandemonium lord
 92388 | Pan      | Found an exit through the horrors of the Abyss.
 92645 | Pan      | Noticed Balih the pandemonium lord
 92663 | Pan      | Killed Balih the pandemonium lord
 92841 | Pan      | Reached skill level 15 in Long Blades
 93136 | Pan      | Noticed Tiptagg the pandemonium lord
 93149 | Pan      | Killed Tiptagg the pandemonium lord
 93473 | Pan      | Noticed Kygiwag the pandemonium lord
 93482 | Pan      | Killed Kygiwag the pandemonium lord
 93565 | Pan      | Noticed Cusun the pandemonium lord
 93574 | Pan      | Killed Cusun the pandemonium lord
 93763 | Pan      | Found an exit through the horrors of the Abyss.
 94416 | Pan      | Gained mutation: You are very weak. (Str -4) [a cacodemon]
 94419 | Pan      | Noticed Paoqirep the pandemonium lord
 94435 | Pan      | Killed Paoqirep the pandemonium lord
 95172 | Pan      | Noticed Icacarer the pandemonium lord
 95185 | Pan      | Killed Icacarer the pandemonium lord
 95406 | Pan      | Found an exit through the horrors of the Abyss.
 95417 | Pan      | Lost mutation: Your mind is acute. (Int +2) [a cacodemon]
 95466 | Pan      | Noticed Faish the pandemonium lord
 95489 | Pan      | Killed Faish the pandemonium lord
 95828 | Pan      | Lost mutation: Scrolls take you longer to read. [a
                  | cacodemon]
 96110 | Pan      | Noticed Junnaal the pandemonium lord
 96129 | Pan      | Killed Junnaal the pandemonium lord
 96217 | Pan      | Got a demonic rune of Zot
 96303 | Pan      | Found an exit through the horrors of the Abyss.
 96444 | Pan      | Noticed Omaq the pandemonium lord
 96459 | Pan      | Killed Omaq the pandemonium lord
 96485 | Depths:3 | Escaped Pandemonium
 97071 | Geh:1    | Entered Level 1 of Gehenna
 99406 | Geh:7    | Entered Level 7 of Gehenna
 99472 | Geh:7    | Lost mutation: You are agile. (Dex +2) [mutagenic glow]
 99619 | Geh:7    | Got a scorched granite ring
 99673 | Geh:7    | Identified the ring of Free Will {rPois rF++ Slay+2} (You
                  | found it on level 7 of Gehenna)
 99792 | Geh:7    | Got a sparkling marble ring
100109 | Geh:7    | Identified the +7 sceptre of Asmodeus
100109 | Geh:7    | Noticed Asmodeus
100131 | Geh:7    | Killed Asmodeus
100131 | Geh:7    | Reached skill level 27 in Armour
100186 | Geh:7    | Got an obsidian rune of Zot
100448 | Dis:1    | Entered Level 1 of the Iron City of Dis
102147 | Dis:7    | Entered Level 7 of the Iron City of Dis
103425 | Dis:7    | Identified the +4 staff of Dispater
103425 | Dis:7    | Noticed Dispater
103428 | Dis:7    | Noticed the Serpent of Hell
103896 | Dis:7    | Gained mutation: You tend to lose your temper in combat.
                  | [mutagenic glow]
103903 | Dis:7    | Killed the Serpent of Hell
103936 | Dis:7    | Gained mutation: You are dopey. (Int -2) [mutagenic glow]
104254 | Dis:7    | Killed Dispater
104442 | Dis:7    | Got a slimy lapis lazuli ring
104444 | Dis:7    | Got an iron rune of Zot
104491 | Dis:7    | Got a pitted large shield
104881 | Lair:1   | Identified the +1 large shield "Syerhuk" {rElec MR- Dex+4}
                  | (You found it on level 7 of the Iron City of Dis)
104884 | Lair:1   | Identified the ring "Wuurota" {rPois rN+} (You found it on
                  | level 7 of the Iron City of Dis)
104887 | Lair:1   | Identified the ring of the Barnacle {Str+7 Dex+7 Slay+2
                  | Stlth-} (You found it on level 7 of Gehenna)
105147 | Tar:1    | Entered Level 1 of Tartarus
106298 | Tar:5    | Gained mutation: You are very dopey. (Int -4) [mutagenic
                  | glow]
106424 | Tar:7    | Entered Level 7 of Tartarus
106526 | Tar:7    | Identified the Volume of Ice and Dislocation
106575 | Tar:7    | Noticed an ancient lich
106602 | Tar:7    | Killed an ancient lich
106898 | Tar:7    | Noticed Ereshkigal
107140 | Tar:7    | Reached skill level 27 in Shields
107205 | Tar:7    | Found the +2 cloak of the Thief {+Fog Slay-2 SInv Stlth+}
107209 | Tar:7    | Identified the Almanac of Translocation and the Birds
107211 | Tar:7    | Identified the Compendium of Supportive Conjuration
107690 | Tar:7    | Killed Ereshkigal
107735 | Tar:7    | Got a bone rune of Zot
108206 | Tomb:1   | Entered Level 1 of the Tomb of the Ancients
108364 | Tomb:1   | Noticed Boris
108387 | Tomb:1   | Killed Boris
108516 | Tomb:1   | Noticed a greater mummy
108517 | Tomb:1   | Noticed a greater mummy
108517 | Tomb:1   | Noticed a greater mummy
108517 | Tomb:1   | Noticed a greater mummy
108518 | Tomb:1   | Noticed a greater mummy
108522 | Tomb:1   | Noticed a greater mummy
108524 | Tomb:1   | Killed a greater mummy
108807 | Tomb:1   | Noticed a greater mummy
108808 | Tomb:1   | Noticed a greater mummy
108901 | Tomb:1   | Noticed a greater mummy
109379 | Tomb:2   | Noticed a greater mummy
109380 | Tomb:2   | Noticed a greater mummy
109381 | Tomb:2   | Noticed a greater mummy
109382 | Tomb:2   | Noticed a greater mummy
109556 | Tomb:2   | Reached skill level 27 in Fighting
109564 | Tomb:2   | Killed a greater mummy
109564 | Tomb:2   | Reached skill level 10 in Necromancy
109591 | Tomb:2   | Killed a greater mummy
109661 | Tomb:2   | Killed a greater mummy
109812 | Tomb:2   | Killed a greater mummy
109965 | Tomb:1   | Noticed a greater mummy
109969 | Tomb:1   | Killed a greater mummy
109974 | Tomb:1   | Killed a greater mummy
109979 | Tomb:1   | Killed a greater mummy
109985 | Tomb:1   | Killed a greater mummy
109990 | Tomb:1   | Killed a greater mummy
110001 | Tomb:1   | Killed a greater mummy
110008 | Tomb:1   | Killed a greater mummy
110153 | Tomb:1   | Noticed a greater mummy
110161 | Tomb:1   | Killed a greater mummy
110162 | Tomb:1   | Noticed a greater mummy
110164 | Tomb:1   | Noticed a greater mummy
110170 | Tomb:1   | Killed a greater mummy
110177 | Tomb:1   | Killed a greater mummy
110182 | Tomb:1   | Noticed a greater mummy
110186 | Tomb:1   | Killed a greater mummy
110187 | Tomb:1   | Noticed a greater mummy
110459 | Tomb:1   | Killed a greater mummy
110627 | Tomb:1   | Noticed a greater mummy
110637 | Tomb:1   | Killed a greater mummy
110637 | Tomb:1   | Reached skill level 15 in Necromancy
110642 | Tomb:1   | Killed a greater mummy
110743 | Tomb:1   | Killed a greater mummy
110753 | Tomb:1   | Noticed a greater mummy
110763 | Tomb:1   | Killed a greater mummy
110764 | Tomb:1   | Noticed a greater mummy
110780 | Tomb:1   | Killed a greater mummy
110787 | Tomb:1   | Noticed a greater mummy
110824 | Tomb:1   | Killed a greater mummy
110939 | Tomb:1   | Noticed a greater mummy
110949 | Tomb:1   | Killed a greater mummy
111022 | Tomb:3   | Entered Level 3 of the Tomb of the Ancients
111072 | Tomb:3   | Noticed a greater mummy
111076 | Tomb:3   | Noticed a greater mummy
111076 | Tomb:3   | Noticed a greater mummy
111077 | Tomb:3   | Noticed an ancient lich
111077 | Tomb:3   | Noticed an ancient lich
111091 | Tomb:3   | Noticed a greater mummy
111099 | Tomb:2   | Killed an ancient lich
111099 | Tomb:2   | Reached skill level 15 in Stealth
111202 | Tomb:3   | Noticed a greater mummy
111208 | Tomb:3   | Killed an ancient lich
111214 | Tomb:3   | Noticed a greater mummy
111218 | Tomb:3   | Killed a greater mummy
111245 | Tomb:3   | Noticed a greater mummy
111256 | Tomb:3   | Killed a greater mummy
111353 | Tomb:3   | Killed a greater mummy
111374 | Tomb:3   | Killed a greater mummy
111454 | Tomb:3   | Killed a greater mummy
111568 | Tomb:3   | Killed a greater mummy
111588 | Tomb:3   | Killed a greater mummy
111732 | Tomb:3   | Identified An Early Guide to Secret Knowledge
111754 | Tomb:3   | Got a translucent executioner's axe
111759 | Tomb:3   | Identified the +9 executioner's axe of Karma {antimagic,
                  | Int+4 Dex+3} (You found it on level 3 of the Tomb of the
                  | Ancients)
111775 | Tomb:3   | Identified the Tome of Summoning and Arcane Weapons
111792 | Tomb:3   | Got a faintly glowing arbalest
111795 | Tomb:3   | Identified the +9 arbalest of World's End {velocity, MP+9}
                  | (You found it on level 3 of the Tomb of the Ancients)
112035 | Tomb:3   | Got a golden rune of Zot
112732 | Zot:1    | Entered Level 1 of the Realm of Zot
113389 | Zot:5    | Entered Level 5 of the Realm of Zot
113442 | Zot:5    | Noticed an ancient lich
113450 | Zot:5    | Noticed an orb of fire
113453 | Zot:5    | Killed an ancient lich
113456 | Zot:5    | Gained mutation: You occasionally shout uncontrollably at
                  | your foes. [an orb of fire]
113459 | Zot:5    | Noticed an ancient lich
113468 | Zot:5    | Gained mutation: Armour fits poorly on your strangely
                  | shaped body. [an orb of fire]
113472 | Zot:5    | Gained mutation: Your magical capacity is low. (-10% MP)
                  | [an orb of fire]
113475 | Zot:5    | Noticed an orb of fire
113476 | Zot:5    | Noticed an orb of fire
113478 | Zot:5    | Noticed an orb of fire
113490 | Zot:5    | Noticed an ancient lich
113502 | Zot:5    | Noticed an ancient lich
113509 | Zot:5    | Noticed an orb of fire
113518 | Zot:5    | Killed an ancient lich
113534 | Zot:5    | Gained mutation: You often lose your temper in combat. [an
                  | orb of fire]
113541 | Zot:5    | Gained mutation: You are often teleported next to monsters.
                  | [an orb of fire]
113884 | Zig:1    | Entered Level 1 of a ziggurat
113913 | Zig:2    | Entered Level 2 of a ziggurat
113914 | Zig:2    | Noticed Nugimy the pandemonium lord
113929 | Zig:2    | Killed Nugimy the pandemonium lord
113944 | Zig:3    | Entered Level 3 of a ziggurat
113971 | Zig:3    | Lost mutation: Your magical capacity is low. (-10% MP)
                  | [potion of mutation]
113971 | Zig:3    | Lost mutation: You occasionally shout uncontrollably at
                  | your foes. [potion of mutation]
113971 | Zig:3    | Gained mutation: You are partially covered in rugged brown
                  | scales. (AC +1, +3% HP) [potion of mutation]
113983 | Zig:4    | Entered Level 4 of a ziggurat
114029 | Zig:4    | Got a glittering amber ring
114030 | Zig:4    | Identified Teregherr's Disquisition on Black Secrets and
                  | Curses
114039 | Zig:5    | Entered Level 5 of a ziggurat
114090 | Zig:5    | Identified the ring of the Turtle {rN+ Stlth+} (You found
                  | it on level 4 of a ziggurat)
114094 | Zig:5    | Got a scintillating iron ring
114095 | Zig:5    | Identified the ring of Voezem {rElec rN+ Str-3 Dex+3 SInv}
                  | (You found it on level 5 of a ziggurat)
114117 | Zig:6    | Entered Level 6 of a ziggurat
114127 | Zig:6    | Found the +9 heavy crossbow "Sniper" {velocity, Acc+∞ SInv}
114159 | Zig:6    | Identified the Papyrus of the Oath and Moulding
114186 | Zig:7    | Entered Level 7 of a ziggurat
114210 | Zig:7    | Noticed a juggernaut
114210 | Zig:7    | a Killer Klown changed into a juggernaut
114222 | Zig:7    | Killed a juggernaut
114245 | Zig:8    | Entered Level 8 of a ziggurat
114254 | Zig:8    | Found the +0 Maxwell's etheric cage {RegenMP+ *Contam rElec
                  | MP+4}
114342 | Zig:9    | Entered Level 9 of a ziggurat
114355 | Zig:9    | Noticed Uhecs the pandemonium lord
114364 | Zig:9    | Killed Uhecs the pandemonium lord
114436 | Zig:10   | Entered Level 10 of a ziggurat
114532 | Zig:11   | Entered Level 11 of a ziggurat
114606 | Zig:11   | Got a translucent long sword
114609 | Zig:11   | Identified the +6 long sword "Keicah" {slice, rF++ rN+ MR+
                  | MP-9} (You found it on level 11 of a ziggurat)
114629 | Zig:12   | Entered Level 12 of a ziggurat
114637 | Zig:12   | Noticed Zete the pandemonium lord
114676 | Zig:12   | Killed Zete the pandemonium lord
114684 | Zig:12   | HP: 8/161 [smoke demon/divine providence (5)]
114685 | Zig:12   | HP: 3/161 [starcursed mass[a monstrous corrupter] (5)]
114686 | Zig:12   | Killed from afar by a starcursed mass

Levels and vault maps discovered:
D:1:      roderic_crossed_star, layout_basic
D:2:      layout_basic, lemuel_doored_altar
D:3:      layout_basic, lemuel_round_altar, doesnt_xom_only_xom, uniq_jessica
D:4:      layout_loops_ring, first_ration, nicolae_ossuary_entry_giza
D:5:      cheibrodos_fertilizer, layout_cave_pools, minmay_temple_entry_mist,
          serial_gnoll_camp, gnoll_camp_mini_house, gnoll_camp_mini_house,
          grums_kennel, gnoll_camp_mini_house, gnoll_camp_mini_sergeant,
          serial_shops, kennysheep_mini_moat, shop, nicolae_shop_behind_doors,
          shop, shop, lemuel_flamethrower_2
D:6:      layout_loops_ring, kennysheep_mini, nicolae_elemental_shop,
          uniq_edmund
D:7:      layout_loops_corners, grunt_qazlal_sundering
D:8:      layout_basic, grunt_temple_overflow_order_and_chaos_1,
          lemuel_coloured_pillars_altar, kennysheep_little_box,
          nicolae_overflow_crystal_walls,
          chequers_temple_overflow_statue_of_worship, erik_lair_orcish_takeover,
          serial_shops, shop
D:9:      layout_irregular_city, uniq_joseph, uniq_erolcha
D:10:     wander_river, layout_basic
D:11:     layout_big_octagon, minmay_orc_entry_temple_small, enter_bailey_3
D:12:     cheibrodos_frozen_isle, layout_loops_ring, gauntlet_entry_generic
D:13:     layout_irregular_city, serial_shops, shop_fountains, shop, shop, shop,
          shop
D:14:     layout_loops_ring, david_vaults_3, minmay_misc_feat_nine_boxes,
          gammafunk_ghost_arena, uniq_agnes
D:15:     grunt_enter_depths_snipers, layout_basic, trog_ov_bears_minmay
Lair:1:   layout_roguey, portal_ice_cave_entry_pillars_2, hibernation_bobbens,
          uniq_harold
Lair:2:   layout_roguey, nicolae_spider_entry_orb_guardian, grunt_megastairs_5
Lair:3:   layout_long_grid, elwin_shoals_entry_rocks,
          gammafunk_ghost_hydra_chop, chequers_serial_rivers_room_a,
          zaba_anthell, grunt_megastairs_2
Lair:4:   layout_loops_ring, cheibrodos_lair_reptile_den, uniq_nergalle
Lair:5:   layout_gridlike, lemuel_fruit_tree
Lair:6:   gammafunk_lair_ancient_temple, layout_misc_corridors,
          dpeg_slime_entry_enclosed_altar, serial_bayou_pond_d,
          chequers_serial_rivers_micro_c
Shoals:1: layout_shoals, serial_shops, shop,
          nicolae_shoals_siren_and_animal_friends
Shoals:2: layout_shoals, uniq_kirke
Shoals:3: layout_shoals, uniq_ilsuiw
Shoals:4: shoals_end_hangedman, layout_shoals, nicolae_shoals_loop_pool,
          uniq_roxanne, uniq_louise
Spider:1: layout_spider_delve
Spider:2: layout_chambers, uniq_jorgrun
Spider:3: layout_spider_delve
Spider:4: spider_rune_water, gammafunk_ghost_necromancy, drop_trap,
          guppyfry_spider_mini_1, uniq_bai_suzhen, uniq_nikola, uniq_arachne
Slime:1:  layout_caves, cheibrodos_slime_lost_civilization_7
Slime:2:  layout_caves
Slime:3:  layout_caves
Slime:4:  layout_caves
Slime:5
Orc:1:    nicolae_orc_accident_3, layout_caves
Orc:2:    st_orc_congregation, layout_caves, serial_shops, shop
Elf:1:    elf_arrival_002, layout_loops_cross, minmay_elf_annihilation
Elf:2:    layout_gridlike, serial_shops, bzr_entry_water
Elf:3:    minmay_elf_hall_curves, layout_loops_cross
Vaults:1: dpeg_vaults_waves, nicolae_vaults_theta, hangedman_vaults_snaps,
          nicolae_vaults_little_squares_5, dpeg_vaults_monster_box, v_rooms_3,
          nicolae_vaults_mini_display_case, layout_vaults_omnigrid, uniq_donald
Vaults:2: nicolae_vaults_triangles, hangedman_vaults_nodes,
          nicolae_vaults_angled_halls, ontoclasm_vaults_bender,
          nicolae_vaults_three_branches, v_misc_32, v_misc_10,
          hangedman_vaults_maws, ontoclasm_vaults_pinch,
          nicolae_vaults_little_squares_4, ontoclasm_vaults_fault,
          ontoclasm_vaults_decontamination, ontoclasm_vaults_tryst,
          layout_vaults_omnibox, serial_shops, nicolae_shop_waterfront,
          uniq_boris
Vaults:3: nicolae_vaults_network_s, hangedman_vaults_stretched_pinwheel,
          nicolae_vaults_alarming, special_room_vaults [special_room_orc],
          grunt_vaults_funnel, vaults_room_fours, v_misc_12,
          minmay_crypt_entry_simple_box, nicolae_vaults_yaktaur_gun_rack,
          layout_vaults_chaotic_city, serial_shops, shop,
          nicolae_shop_waterfront
Vaults:4: ontoclasm_vaults_gateway, v_misc_9, hangedman_vaults_stagger,
          v_misc_24, grunt_tower_of_power, ontoclasm_vaults_eye,
          grunt_vaults_focal, v_misc_31, grunt_vaults_hallway_long,
          vaults_room_grunt_arrival_ludios, layout_vaults_ring, serial_shops,
          shop_fountains, uniq_saint_roka
Vaults:5
Crypt:1:  layout_rooms, feat_on_display, grunt_crypt_arrival_guarded_gate
Crypt:2:  layout_catacombs, basic_altar
Crypt:3:  cryptofortress_bobbens, uniq_mara, uniq_khufu
Tomb:1
Tomb:2
Tomb:3
Depths:1: layout_long_grid, enter_ziggurat_a, mu_enter_wizlab_7, serial_shops,
          shop_coins, grunt_hell_entry_dis_mu, serial_sigils_hangedman_confine,
          chequers_serial_rivers_small_a, minmay_crystal_box
Depths:2: spriggan_forest, hell_entry
Depths:3: evilmike_silver_temple, layout_cave_shapes,
          chequers_serial_rivers_micro_e, hell_entry, pan_entry,
          minmay_metal_thing, minmay_staircase_statues_hall_small, uniq_jory,
          uniq_mennas
Depths:4: evilmike_cross, layout_cave_pools, hangedman_abyss_entry_splay,
          hell_entry
Depths:5: grunt_twist_and_shout, layout_cave_pools, nicolae_twisting_strands,
          pf_hell_entry_tar_spiral, serial_bayou_shore_a, uniq_sojobo
Hell
Dis:1:    layout_jigsaw, hangedman_dis_decor_tower
Dis:2:    layout_subdivisions, evilmike_ambush [evilmike_ambush_outer_corners,
          evilmike_ambush_inner_cross]
Dis:3:    layout_subdivisions
Dis:4:    layout_jigsaw
Dis:5:    layout_regular_city
Dis:6:    hangedman_iron_city_apartments, layout_jigsaw,
          grunt_dis_stairs_iron_hall, grunt_megastairs_4
Dis:7:    iron_city_of_dis [dis_mu, dis_wall_3], layout_chaotic_city
Geh:1:    layout_gehenna_lava_caves, hangedman_elemental_corridor
Geh:2:    layout_gehenna_pools_basic
Geh:3:    layout_gehenna_lava_caves
Geh:4:    layout_gehenna_pools_basic, evilmike_ambush
          [evilmike_ambush_outer_doors, evilmike_ambush_inner_basic]
Geh:5:    layout_gehenna_lava_caves
Geh:6:    minmay_firetagon, layout_gehenna_lava_caves
Geh:7:    evilmike_geh
Coc:1:    layout_ice_bergs
Coc:2:    grunt_deathspiral_small, layout_cocytus_water_paths
Coc:3:    layout_cocytus_water_paths
Coc:4:    layout_cocytus_water_paths
Coc:5:    layout_ice_bergs
Coc:6:    layout_ice_bergs
Coc:7:    coc_grunt
Tar:1:    layout_grid_maze
Tar:2:    layout_catacombs, nicolae_tar_cuneiform_not,
          nicolae_tar_cuneiform_to_be, nicolae_tar_cuneiform_two
Tar:3:    layout_grid_maze
Tar:4:    layout_grid_maze
Tar:5:    layout_cathedral_of_symmetry
Tar:6:    layout_grid_maze, lemuel_elevator
Tar:7:    tar_old
Zot:1:    layout_gridlike
Zot:2:    nicolae_zot_stationary_front, layout_misc_corridors,
          st_large_dragon_hoard_4
Zot:3:    layout_basic
Zot:4:    layout_gridlike
Zot:5:    layout_basic, drop_trap, st_stairs_14
Zig:12:   ziggurat_pillar_centre_smoke

Skill      XL: |  1  2  3  4  5  6  7  8  9 10 11 12 13 14 15 16 17 18 19 20 21 22 23 24 25 26 27 |
---------------+----------------------------------------------------------------------------------+-----
Short Blades   | 2 3 4 5 6 8 9 11 13 14 | 14.1
Shields        | 1 3 4 7 13 15 17 20 27 | 27.0
Stealth        | 5 8 11 20 | 20.2
Hexes          | 9 10 11 | 11.0
Spellcasting   | 5 8 9 10 | 10.2
Fighting       | 7 9 14 15 27 | 27.0
Armour         | 4 8 10 27 | 27.0
Throwing       | 7 8 9 |  9.7
Invocations    | 10 12 | 12.0
Evocations     | 9 17 | 17.3
Dodging        | 8 10 25 | 25.5
Charms         | 7 12 | 12.3
Necromancy     | 7 9 16 | 16.2
Translocations | 6 |  6.1
Air Magic      | 6 |  6.1
Bows           | 7 |  7.2
Long Blades    | 8 11 22 | 22.0

Action                   |  1- 3 |  4- 6 |  7- 9 | 10-12 | 13-15 | 16-18 | 19-21 | 22-24 | 25-27 || total
-------------------------+-------+-------+-------+-------+-------+-------+-------+-------+-------++-------
Melee: Dagger            |    69 |   327 |   259 |       |       |       |       |       |       ||   655
       Bite              |    12 |    91 |   141 |   289 |   625 |   823 |  1501 |  1420 |  8368 || 13270
       Rapier            |       |       |   185 |   731 |  1507 |  1779 |   242 |   455 |       ||  4899
       Quick blade       |       |       |       |       |       |       |  2635 |  2422 |    90 ||  5147
       Katana            |       |       |       |       |       |       |       |     1 |  3769 ||  3770
       Eudemon blade     |       |       |       |       |       |       |       |       | 11391 || 11391
       Staff             |       |       |       |       |       |       |       |       |    12 ||    12
 Fire: Longbow           |       |       |       |       |       |       |       |    35 |       ||    35
Throw: Dart              |     2 |       |       |     9 |     7 |     4 |       |       |     3 ||    25
       Boomerang         |       |       |       |    11 |    18 |    96 |    34 |       |     2 ||   161
       Javelin           |       |       |       |       |       |     3 |       |    14 |    11 ||    28
 Cast: Confuse           |       |       |       |    17 |    43 |       |       |       |     2 ||    62
       Confusing Touch   |       |       |       |       |       |     7 |    26 |     3 |       ||    36
       Regeneration      |       |       |       |       |       |       |       |     4 |   290 ||   294
       Spectral Weapon   |       |       |       |       |       |       |       |     2 |     9 ||    11
       Shroud of Golubri |       |       |       |       |       |       |       |     1 |    52 ||    53
       Dispel Undead     |       |       |       |       |       |       |       |       |     4 ||     4
       Swiftness         |       |       |       |       |       |       |       |       |     4 ||     4
       Agony             |       |       |       |       |       |       |       |       |     3 ||     3
       Apportation       |       |       |       |       |       |       |       |       |     1 ||     1
       Song of Slaying   |       |       |       |       |       |       |       |       |     1 ||     1
Invok: Shadow Form       |       |       |       |       |       |       |       |       |     1 ||     1
 Abil: Evoke Flight      |       |       |       |       |       |       |     9 |       |    14 ||    23
       Evoke Invisibilit |       |       |       |       |       |       |       |       |     3 ||     3
       End Transformatio |       |       |       |       |       |       |       |       |     1 ||     1
Evoke: Wand              |       |       |       |       |       |     2 |       |       |    13 ||    15
       Sceptre of Asmode |       |       |       |       |       |       |       |       |    20 ||    20
       Staff of Dispater |       |       |       |       |       |       |       |       |     8 ||     8
       Horn of Geryon    |       |       |       |       |       |       |       |       |     8 ||     8
       Phial of floods   |       |       |       |       |       |       |       |       |     4 ||     4
  Use: Potion            |       |     1 |     1 |     5 |     1 |     2 |     1 |       |    27 ||    38
       Scroll            |       |     4 |     4 |     6 |    20 |     8 |    14 |     9 |   101 ||   166
 Stab: Sleeping          |    12 |    17 |    13 |    24 |    40 |       |       |       |       ||   106
       Distracted        |       |       |     4 |     3 |     4 |       |    15 |     7 |    18 ||    51
       Confused          |       |       |       |    10 |    19 |     5 |    25 |     4 |     5 ||    68
       Held in net/web   |       |       |       |       |       |     1 |       |       |       ||     1
       Invisible         |       |       |       |       |       |     6 |       |       |     6 ||    12
       Petrifying        |       |       |       |       |       |       |       |       |     1 ||     1
  Eat: Chunk             |       |     3 |     8 |    19 |    29 |    26 |    33 |    27 |    54 ||   199
       Ration            |       |     1 |     1 |     1 |     2 |     2 |     1 |     4 |    56 ||    68
Armor: Robe              |    10 |    58 |    13 |       |       |       |       |       |       ||    81
       Leather armour    |       |       |    59 |    73 |    80 |       |       |       |       ||   212
       Crystal plate arm |       |       |       |       |   707 |  1328 |  1037 |   814 |  4298 ||  8184
Dodge: Dodged            |    30 |   156 |   167 |   272 |   477 |   589 |   535 |   343 |  4240 ||  6809
       Deflected         |       |       |       |       |    24 |    24 |    83 |    35 |    54 ||   220
Block: Buckler           |       |       |    58 |   112 |   297 |   392 |   333 |       |       ||  1192
       Shield            |       |       |       |       |       |       |   294 |  1085 |   966 ||  2345
       Reflection        |       |       |       |       |       |       |    42 |    64 |   283 ||   389
       Other             |       |       |       |       |       |       |       |     5 |       ||     5
       Large shield      |       |       |       |       |       |       |       |       | 18314 || 18314
       Rpst.: Katana     |       |       |       |       |       |       |       |       |   120 ||   120
       Eudemon blade     |       |       |       |       |       |       |       |       |   573 ||   573

Table legend:
 A = Non-vault XP
 B = Vault XP
 C = Vault XP percentage of total XP
 D = Non-vault monster count
 E = Vault monster count
 F = Vault count percentage of total count
                 A         B        C        D         E       F
            +---------+---------+-------+---------+---------+-------
      Total | 2976297 | 2196924 |  42.5 |    4877 |    2199 |  31.1
            +---------+---------+-------+---------+---------+-------
        D:1 |      19 |       0 |   0.0 |      10 |       0 |   0.0
        D:2 |      84 |       0 |   0.0 |      22 |       0 |   0.0
        D:3 |     186 |      37 |  16.6 |      36 |       1 |   2.7
        D:4 |     347 |      34 |   8.9 |      19 |       4 |  17.4
        D:5 |     923 |    1609 |  63.5 |      14 |      34 |  70.8
        D:6 |     666 |     164 |  19.8 |      23 |       1 |   4.2
        D:7 |     637 |       0 |   0.0 |      15 |       0 |   0.0
        D:8 |    3347 |     642 |  16.1 |      24 |       9 |  27.3
        D:9 |    2715 |    1423 |  34.4 |      35 |       2 |   5.4
       D:10 |    1723 |       0 |   0.0 |      24 |       0 |   0.0
       D:11 |    2596 |     322 |  11.0 |      44 |      15 |  25.4
       D:12 |    9930 |       0 |   0.0 |      46 |       0 |   0.0
       D:13 |    8503 |       0 |   0.0 |      48 |       0 |   0.0
       D:14 |   11613 |   15320 |  56.9 |      42 |      29 |  40.8
       D:15 |    6096 |    3583 |  37.0 |      27 |       5 |  15.6
     Lair:1 |    1946 |    1857 |  48.8 |       8 |       5 |  38.5
     Lair:2 |    6707 |    1638 |  19.6 |      29 |       6 |  17.1
     Lair:3 |    6578 |    9586 |  59.3 |      24 |      53 |  68.8
     Lair:4 |     557 |    1590 |  74.1 |       4 |       3 |  42.9
     Lair:5 |    3365 |    1105 |  24.7 |      12 |       3 |  20.0
     Lair:6 |    7194 |    9881 |  57.9 |      27 |      25 |  48.1
   Shoals:1 |   20809 |    5105 |  19.7 |      44 |      11 |  20.0
   Shoals:2 |   10951 |     585 |   5.1 |      21 |       3 |  12.5
   Shoals:3 |   18152 |    7345 |  28.8 |      37 |       9 |  19.6
   Shoals:4 |   19716 |   19618 |  49.9 |      45 |      29 |  39.2
   Spider:1 |   20869 |       0 |   0.0 |      65 |       0 |   0.0
   Spider:2 |   27298 |    2944 |   9.7 |      75 |       1 |   1.3
   Spider:3 |   25814 |    9473 |  26.8 |      87 |       3 |   3.3
   Spider:4 |   10744 |   36561 |  77.3 |      32 |      65 |  67.0
    Slime:1 |    5496 |       0 |   0.0 |       4 |       0 |   0.0
    Slime:2 |    5248 |       0 |   0.0 |       6 |       0 |   0.0
    Slime:3 |    3232 |       0 |   0.0 |       3 |       0 |   0.0
    Slime:4 |    9517 |       0 |   0.0 |      10 |       0 |   0.0
    Slime:5 |   17521 |   29827 |  63.0 |      24 |      10 |  29.4
      Orc:1 |    2358 |    1174 |  33.2 |      26 |       8 |  23.5
      Orc:2 |    4702 |   10171 |  68.4 |      44 |      64 |  59.3
      Elf:1 |    7079 |    8217 |  53.7 |      10 |      14 |  58.3
      Elf:2 |   24072 |   22670 |  48.5 |      41 |      28 |  40.6
      Elf:3 |   15025 |   42371 |  73.8 |      24 |      30 |  55.6
   Vaults:1 |   24929 |   25613 |  50.7 |      47 |      31 |  39.7
   Vaults:2 |   27620 |   33549 |  54.8 |      48 |      37 |  43.5
   Vaults:3 |   51990 |   21507 |  29.3 |      81 |      48 |  37.2
   Vaults:4 |   65527 |   74802 |  53.3 |      77 |      76 |  49.7
   Vaults:5 |   33304 |  119196 |  78.2 |      53 |      69 |  56.6
    Crypt:1 |   30856 |       0 |   0.0 |      49 |       0 |   0.0
    Crypt:2 |   49819 |       0 |   0.0 |      70 |       0 |   0.0
    Crypt:3 |       0 |   80082 | 100.0 |       0 |      96 | 100.0
     Tomb:1 |   20801 |  172018 |  89.2 |      39 |      62 |  61.4
     Tomb:2 |    9495 |   59806 |  86.3 |      20 |      61 |  75.3
     Tomb:3 |    9092 |  117485 |  92.8 |      22 |      97 |  81.5
   Depths:1 |   48710 |    5009 |   9.3 |      65 |       6 |   8.5
   Depths:2 |    3564 |   66058 |  94.9 |      14 |     108 |  88.5
   Depths:3 |   37914 |   26541 |  41.2 |      30 |      14 |  31.8
   Depths:4 |   48047 |   18309 |  27.6 |      49 |      13 |  21.0
   Depths:5 |   31917 |   30138 |  48.6 |      36 |      16 |  30.8
       Hell |   12484 |   31835 |  71.8 |      27 |      48 |  64.0
      Dis:1 |    3178 |       0 |   0.0 |       5 |       0 |   0.0
      Dis:2 |    1592 |    9380 |  85.5 |       9 |      24 |  72.7
      Dis:3 |   17501 |       0 |   0.0 |      39 |       0 |   0.0
      Dis:4 |    6738 |       0 |   0.0 |      11 |       0 |   0.0
      Dis:5 |     439 |       0 |   0.0 |       2 |       0 |   0.0
      Dis:6 |   51586 |   56430 |  52.2 |      75 |      90 |  54.5
      Dis:7 |   66672 |  128118 |  65.8 |     115 |      72 |  38.5
      Geh:1 |   43642 |    6171 |  12.4 |     106 |       6 |   5.4
      Geh:2 |   32678 |       0 |   0.0 |      64 |       0 |   0.0
      Geh:3 |   24484 |       0 |   0.0 |      65 |       0 |   0.0
      Geh:4 |   23839 |    2583 |   9.8 |      38 |       8 |  17.4
      Geh:5 |   14527 |       0 |   0.0 |      33 |       0 |   0.0
      Geh:6 |   19486 |    1309 |   6.3 |      25 |       3 |  10.7
      Geh:7 |   24682 |   68358 |  73.5 |      42 |      41 |  49.4
      Coc:1 |    1579 |       0 |   0.0 |       3 |       0 |   0.0
      Coc:2 |   19608 |   11896 |  37.8 |      47 |      19 |  28.8
      Coc:3 |    7288 |       0 |   0.0 |      19 |       0 |   0.0
      Coc:4 |   28959 |       0 |   0.0 |      53 |       0 |   0.0
      Coc:5 |   36937 |       0 |   0.0 |      73 |       0 |   0.0
      Coc:6 |    1131 |       0 |   0.0 |       3 |       0 |   0.0
      Coc:7 |  104440 |   60675 |  36.7 |     105 |      54 |  34.0
      Tar:2 |    5716 |       0 |   0.0 |       6 |       0 |   0.0
      Tar:3 |    8853 |       0 |   0.0 |      15 |       0 |   0.0
      Tar:4 |   47976 |       0 |   0.0 |      75 |       0 |   0.0
      Tar:5 |   67244 |       0 |   0.0 |      86 |       0 |   0.0
      Tar:6 |   11614 |       0 |   0.0 |      13 |       0 |   0.0
      Tar:7 |   99683 |   99816 |  50.0 |     108 |      78 |  41.9
      Zot:1 |   49566 |       0 |   0.0 |      30 |       0 |   0.0
      Zot:2 |   33737 |    5097 |  13.1 |      24 |       4 |  14.3
      Zot:3 |    7175 |       0 |   0.0 |       4 |       0 |   0.0
      Zot:4 |   11162 |       0 |   0.0 |       6 |       0 |   0.0
      Zot:5 |   18383 |   45284 |  71.1 |       7 |      12 |  63.2
    Abyss:1 |   51959 |    2960 |   5.4 |      88 |       1 |   1.1
    Abyss:2 |   30646 |     550 |   1.8 |      66 |       1 |   1.5
    Abyss:3 |   32654 |    7131 |  17.9 |      53 |       7 |  11.7
    Abyss:4 |  129989 |   15824 |  10.9 |     268 |      25 |   8.5
    Abyss:5 |  103317 |     322 |   0.3 |     203 |       1 |   0.5
        Pan |  777176 |  541691 |  41.1 |     924 |     419 |  31.2
      Zig:1 |    1070 |       0 |   0.0 |       3 |       0 |   0.0
      Zig:2 |    3413 |       0 |   0.0 |       2 |       0 |   0.0
      Zig:3 |    3146 |       0 |   0.0 |       4 |       0 |   0.0
      Zig:4 |    6885 |     640 |   8.5 |       5 |       1 |  16.7
      Zig:5 |    5718 |    3321 |  36.7 |       7 |       6 |  46.2
      Zig:6 |    8541 |       0 |   0.0 |       6 |       0 |   0.0
      Zig:7 |   17557 |       0 |   0.0 |       8 |       0 |   0.0
      Zig:8 |    8875 |       0 |   0.0 |      14 |       0 |   0.0
      Zig:9 |   25949 |       0 |   0.0 |      14 |       0 |   0.0
     Zig:10 |   13921 |       0 |   0.0 |      19 |       0 |   0.0
     Zig:11 |   10183 |       0 |   0.0 |      17 |       0 |   0.0
     Zig:12 |   22799 |       0 |   0.0 |      12 |       0 |   0.0
    Ossuary |       0 |     387 | 100.0 |       0 |      34 | 100.0
     Bailey |       0 |    2181 | 100.0 |       0 |      41 | 100.0
            +---------+---------+-------+---------+---------+-------
